 Dungeon Crawl Stone Soup version 0.24-a0-235-g3f03afc (webtiles) character file.

Game seed: 8698675657677331996

564951 Gorice the Bringer of Light (level 27, -24/217 HPs)
             Began as a Gnoll Wanderer on Mar 31, 2019.
             Was the Champion of the Shining One.
             Killed from afar by a tengu reaver (39 damage)
             ... with a bolt of magma
             ... on level 5 of the Vaults on Apr 5, 2019.
             The game lasted 08:11:26 (81883 turns).

Gorice the Bringer of Light (Gnoll Wanderer)       Turns: 81883, Time: 08:11:27

Health: -24/217    AC: 30    Str: 31    XL:     27
Magic:  44/44      EV: 25    Int: 25    God:    the Shining One [******]
Gold:   2487       SH: 16    Dex: 13    Spells: 16/60 levels left

rFire    + + .     SeeInvis .   a - +12 flail "Giantbane" {speed, Int+5}
rCold    + . .     Gourm    .   i - +0 shield
rNeg     + + +     Faith    .   U - +1 pearl dragon scales
rPois    .         Spirit   .   O - +0 helmet of Untold Secrets {Str+4}
rElec    .         Reflect  .   x - +2 cloak {MR+}
rCorr    .         Harm     .   E - +1 pair of gloves of Xataj {rF++ rN+ Dex-2}
MR       +++++     Clarity  +   W - +2 pair of boots {run}
Stlth    ++........             f - amulet of the Four Winds {rN+ MR+++ Clar}
HPRegen  0.46/turn              e - +5 ring of evasion
MPRegen  0.29/turn              c - ring "Tytwer" {rC+ Str+5 Slay+2}

@: glowing, studying Translocations, quick
A: distributed training, fangs 1, strong nose
}: 2/15 runes: decaying, gossamer
a: Divine Shield, Cleansing Flame, Summon Divine Warrior, Brand Weapon With Holy
Wrath, Renounce Religion


You were on level 5 of the Vaults.
You worshipped the Shining One.
The Shining One was exalted by your worship.
You were hungry.

You visited 10 branches of the dungeon, and saw 48 of its levels.
You visited the Abyss 2 times.
You also visited: Bailey, Ice Cave and Wizlab.

You collected 7376 gold pieces.
You spent 4889 gold pieces at shops.

Inventory:

Hand Weapons
 a - the +12 flail "Giantbane" (weapon) {speed, Int+5}
   (You found it on level 11 of the Dungeon)

   Attacks with this weapon are significantly faster.
   It affects your intelligence (+5).
 b - a +7 hand crossbow of flaming
   (You acquired it in a bailey)
 n - a +3 great sword of holy wrath
   (You took it off a vault guard on level 4 of the Vaults)
 A - a +1 trishula of holy wrath
   (You took it off Mennas on level 5 of the Depths)
 B - a +3 blowgun
Missiles
 l - 1280 bolts
 P - 21 curare-tipped needles
 Z - 3 throwing nets (quivered) {!f}
Armour
 i - a +0 shield (worn)
 x - a +2 cloak of magic resistance (worn)
   (You took it off Crazy Yiuf on level 3 of the Dungeon)
 E - the +1 pair of gloves of Xataj (worn) {rF++ rN+ Dex-2}
   (You found it on level 4 of the Swamp)

   It affects your dexterity (-2).
   It greatly protects you from fire.
   It protects you from negative energy.
 O - the +0 helmet of Untold Secrets (worn) {Str+4}
   (You found it on level 14 of the Dungeon)

   It affects your strength (+4).
 U - +1 pearl dragon scales (worn)
 W - a +2 pair of boots of running (worn)
   (You found it on level 12 of the Dungeon)
Jewellery
 c - the ring "Tytwer" (right hand) {rC+ Str+5 Slay+2}
   (You found it in a wizard's laboratory)

   [ring of strength]

   It affects your strength (+5).
   It affects your accuracy and damage with ranged weapons and melee attacks
   (+2).
   It protects you from cold.
 e - a +5 ring of evasion (left hand)
 f - the amulet of the Four Winds (around neck) {rN+ MR+++ Clar}
   (You found it on level 6 of the Lair of Beasts)

   [amulet of nothing]

   It protects you from negative energy.
   It affects your resistance to hostile enchantments.
   It protects you against confusion.
 p - an uncursed ring of poison resistance
 C - an uncursed ring of resist corrosion
 F - an uncursed ring of flight
Wands
 m - a wand of enslavement (9)
 s - a wand of acid (17)
 y - a wand of digging (20)
 z - a wand of scattershot (6)
 J - a wand of paralysis (16)
 R - a wand of iceblast (45)
Scrolls
 d - 18 scrolls of identify
 h - 28 scrolls of teleportation {!r}
 j - 7 scrolls of fog
 k - 20 scrolls of remove curse
 q - 6 scrolls of blinking
 G - 2 scrolls of summoning {!r}
 Q - 10 scrolls of fear {!r}
 V - 6 scrolls of magic mapping {!r}
Potions
 g - a potion of resistance {!q}
 r - 10 potions of agility {!q}
 t - 5 potions of haste {!q}
 u - 13 potions of might {!q}
 K - 8 potions of heal wounds {!q}
 M - 13 potions of curing
 Y - 9 potions of cancellation {!q}
Books
 D - a manual of Translocations {!d}
Miscellaneous
 I - 4 boxes of beasts
Comestibles
 v - 87 rations


   Skills:
 + Level 18.0 Fighting
 + Level 17.1 Short Blades
 + Level 17.3 Long Blades
 + Level 17.6 Axes
 + Level 17.1 Maces & Flails
 + Level 17.1 Polearms
 + Level 17.1 Staves
 + Level 17.1 Slings
 + Level 17.1 Bows
 + Level 17.1 Crossbows
 + Level 17.3 Throwing
 + Level 17.3 Armour
 + Level 17.3 Dodging
 + Level 17.1 Stealth
 + Level 17.1 Shields
 + Level 17.1 Unarmed Combat
 + Level 17.1 Spellcasting
 + Level 14.8 Conjurations
 + Level 14.8 Hexes
 + Level 14.8 Charms
 + Level 14.8 Summonings
 + Level 14.8 Necromancy
 + Level 16.1 Translocations
 + Level 14.8 Transmutations
 + Level 14.8 Fire Magic
 + Level 14.8 Ice Magic
 + Level 14.8 Air Magic
 + Level 14.8 Earth Magic
 + Level 14.8 Poison Magic
 + Level 18.4 Invocations
 + Level 17.3 Evocations


You had 16 spell levels left.
You knew the following spells:

 Your Spells              Type           Power        Failure   Level  Hunger
a - Airstrike             Air            #######...   1%          4    None
b - Freezing Cloud        Conj/Ice/Air   #######...   1%          6    ####...
c - Conjure Flame         Conj/Fire      #######.     1%          3    None
d - Shadow Creatures      Summ           N/A          1%          6    ####...
s - Summon Lightning Spi  Summ/Air       #######.     1%          4    None
v - Summon Mana Viper     Hex/Summ       #######.     1%          5    None
A - Apportation           Tloc           ######       0%          1    None
B - Summon Butterflies    Summ           #######.     0%          1    None
G - Passage of Golubria   Tloc           N/A          1%          4    None
J - Blink                 Tloc           N/A          0%          2    None
M - Deflect Missiles      Chrm/Air       #######...   1%          6    ####...
S - Swiftness             Chrm/Air       #######.     0%          2    None

Your spell library contained the following spells:

 Spells                   Type           Power        Failure   Level  Hunger
 Animate Skeleton         Necr           N/A          0%          1    None
 Confusing Touch          Hex            ######       0%          1    None
 Corona                   Hex            #######      0%          1    None
 Flame Tongue             Conj/Fire      #####        0%          1    None
 Magic Dart               Conj           ####         0%          1    None
 Pain                     Necr           ####         0%          1    None
 Sandblast                Erth           ######       0%          1    None
 Shock                    Conj/Air       ####         0%          1    None
 Summon Small Mammal      Summ           ####         0%          1    None
 Call Imp                 Summ           #######.     0%          2    None
 Corpse Rot               Necr           N/A          0%          2    None
 Ensorcelled Hibernation  Hex/Ice        ######       0%          2    None
 Passwall                 Tmut/Erth      #######.     0%          2    None
 Poisonous Vapours        Pois/Air       ######       0%          2    None
 Slow                     Hex            #######.     0%          2    None
 Sticks to Snakes         Tmut           #######.     0%          2    None
 Throw Flame              Conj/Fire      ######       0%          2    None
 Gell's Gravitas          Tloc           #######...   0%          3    None
 Lesser Beckoning         Tloc           #######...   0%          3    None
 Call Canine Familiar     Summ           #######.     1%          3    None
 Confuse                  Hex            #######.     1%          3    None
 Dazzling Spray           Conj/Hex       ######       1%          3    None
 Ignite Poison            Fire/Tmut/Pois #######.     1%          3    None
 Mephitic Cloud           Conj/Pois/Air  #######.     1%          3    None
 Regeneration             Chrm/Necr      #######...   1%          3    None
 Static Discharge         Conj/Air       #######.     1%          3    None
 Stone Arrow              Conj/Erth      ######       1%          3    None
 Tukima's Dance           Hex            #######.     1%          3    None
 Vampiric Draining        Necr           #######...   1%          3    None
 Animate Dead             Necr           N/A          1%          4    None
 Cause Fear               Hex            #######...   1%          4    None
 Ice Form                 Ice/Tmut       #######.     1%          4    None
 Leda's Liquefaction      Hex/Erth       #######...   1%          4    None
 Petrify                  Tmut/Erth      #######.     1%          4    None
 Summon Ice Beast         Ice/Summ       #######.     1%          4    None
 Alistair's Intoxication  Tmut/Pois      #######.     1%          5    None
 Blade Hands              Tmut           #######...   1%          5    None
 Bolt of Magma            Conj/Fire/Erth #######...   1%          5    None
 Borgnjor's Vile Clutch   Necr/Erth      #######...   1%          5    None
 Excruciating Wounds      Chrm/Necr      #######...   1%          5    None
 Irradiate                Conj/Tmut      #######...   1%          5    None
 Iskenderun's Battlesphe  Conj/Chrm      #######.     1%          5    None
 Lee's Rapid Deconstruct  Erth           #######...   1%          5    None
 Lightning Bolt           Conj/Air       #######...   1%          5    None
 Metabolic Englaciation   Hex/Ice        #######...   1%          5    None
 Silence                  Hex/Air        #######...   1%          5    None
 Venom Bolt               Conj/Pois      #######...   1%          5    None
 Yara's Violent Unravell  Hex/Tmut       #######...   1%          5    None
 Bolt of Cold             Conj/Ice       #######...   1%          6    ####...
 Bolt of Fire             Conj/Fire      #######...   1%          6    ####...
 Conjure Ball Lightning   Conj/Air       #######...   1%          6    ####...
 Darkness                 Hex            #######...   1%          6    ####...
 Hydra Form               Tmut           #######...   1%          6    ####...
 Invisibility             Hex            #######.     1%          6    ####...
 Iron Shot                Conj/Erth      #######...   1%          6    ####...
 Ozocubu's Refrigeration  Ice            #######...   1%          6    ####...
 Simulacrum               Ice/Necr       #######...   1%          6    ####...
 Statue Form              Tmut/Erth      #######..    1%          6    ####...
 Dragon Form              Tmut           #######...   8%          7    #####..
 Haunt                    Necr/Summ      #######...   8%          7    #####..
 Orb of Destruction       Conj           #######...   8%          7    #####..
 Ring of Flames           Chrm/Fire      #######...   8%          7    #####..
 Summon Hydra             Summ           #######...   8%          7    #####..
 Borgnjor's Revivificati  Necr           #######...   52%         8    #######
 Death's Door             Chrm/Necr      #######...   52%         8    #######
 Infestation              Necr           #######...   52%         8    #######
 Lehudib's Crystal Spear  Conj/Erth      #######...   52%         8    #######
 Necromutation            Tmut/Necr      #######...   52%         8    #######
 Dragon's Call            Summ           #######...   100%        9    #######
 Shatter                  Erth           #######...   100%        9    #######
 Tornado                  Air            #######...   100%        9    #######


Dungeon Overview and Level Annotations

Branches:
Dungeon (15/15)            Temple (1/1) D:6            Lair (6/6) D:11
  Swamp (4/4) Lair:4       Spider (4/4) Lair:3        Slime (0/5) Lair:6
    Orc (2/2) D:10            Elf (3/3) Orc:2        Vaults (5/5) D:14
  Crypt (3/3) Vaults:2       Tomb (0/3) Crypt:3      Depths (5/5) D:15
    Zot (0/5) Depths:5

Altars:
Ashenzari
Cheibriados
Dithmenos
Elyvilon
Fedhas
Gozag
Hepliaklqana
Kikubaaqudgha
Makhleb
Nemelex Xobeh
Okawaru
Qazlal
Ru
Sif Muna
Trog
Uskayaw
Vehumet
Wu Jian
Xom
Yredelemnul
Zin
The Shining One
Beogh
Jiyva
Lugonu

Shops:
D:6 %(**   Orc:2 *([(*![[   Elf:1 ==}   Elf:2 [   Vaults:2 *   Vaults:3 !
Depths:1 =   Depths:5 (=(*

Portals:
Hell: Depths:1 Depths:2 Depths:3 Depths:4 Depths:5
Abyss: Depths:1 Depths:4
Pandemonium: Depths:2 Depths:3
Ziggurat: Depths:4


Innate Abilities, Weirdness & Mutations

Your experience applies equally to all skills.
You have very sharp teeth.
Your uncanny sense of smell can sniff out nearby items.


Message History

Damage: 51 (max 51)
You hit the vault warden but do no damage.
Your bite misses the vault warden.
The vault warden is heavily wounded.
Unknown command.
You barely miss the vault warden.
The vault warden is heavily wounded.
The orc warrior hits you but does no damage.
Unknown command.
You hit the vault warden but do no damage.
The vault warden is heavily wounded.
You block the vault warden's attack. You block the ettin's attack.
The ettin misses you.
The yaktaur captain shoots a bolt.
The bolt hits you!
* * * LOW HITPOINT WARNING * * *
The tengu reaver misses you. x2
The tengu reaver claws you but does no damage.
The ironbrand convoker gestures at the tengu reaver while chanting.
The tengu reaver seems to grow stronger.
Damage: 15 (max 51)
You sock the vault warden!
The vault warden is severely wounded.
You bludgeon the vault warden!!
The vault warden is almost dead.
The ettin hits you but does no damage. You block the ettin's attack.
You block the ironbrand convoker's attack.
The vault warden hits you with a +0 great sword!!
* * * LOW HITPOINT WARNING * * *
Unknown command.
Damage: 30 (max 51) Unknown command.
Unknown command.
Unknown command.
Unknown command.
You sock the vault warden!
You kill the vault warden!
The runic seals fade away.
The orc warrior throws a stone.
The stone completely misses you.
Unknown command.
Unknown command.
The ettin hits you with a +2 dire flail of crushing.
* * * LOW HITPOINT WARNING * * *
x2 You block the ettin's attack.
The tengu reaver completely misses you. The tengu reaver pecks you.
* * * LOW HITPOINT WARNING * * *
The tengu reaver claws you but does no damage.
The ironbrand convoker hits you with a +0 great mace!
* * * LOW HITPOINT WARNING * * *
The tengu reaver casts a spell at you. The bolt of magma hits you!!!
You partially resist.
You die...

,,,*,,,****#.,#....#.#***,,****,,
,,,*,,,,,,....#....#.##**,,****,,
****,,,,,,....#....#..##,,,,**,,,
,,,,,,,,,,,..(.........,,,,,,,,,,
*********####.......(######******
,,,,,,,,,....(.....(.......,,,,,,
,,,,,,,,,.....(.<**C.......,,,,,,
,,,,,,,,,......opQW........,,,,,,
,,,,,,,,,..(....@Qo......?.,,,,,,
*********####...QC...######******
,,,,,,,,,.......c.....#*,,,,,**,,
,,,,,,,,,.....#..*.#..$..∆,,**,,,
,,,,**,,,.#####....##....,,**,,,*
,,,,**,,,,**∆∆#....#*#....**,,,,*
,,,**,,,,**∆∆∆#....#,*#...*,,,,,,
,,,**,,,,**,,,#?...#,,*#.,,,,,,,,
*,**,,,,**,,,,#..o.#,,,**,,,**,,,


You could see 3 tengu reavers, a yaktaur captain, 2 ettins, an ironbrand
convoker, a freezing wraith, 2 orc warriors and 3 battlespheres.

Vanquished Creatures
  Mennas (Depths:5)
  2 juggernauts
  Boris (Depths:4)
  Sojobo (Depths:2)
  Bai Suzhen (Spider:3)
  Xtahua (Crypt:3)
  Saint Roka (Depths:3)
  4 caustic shrikes
  The ghost of XanderDroid the Executioner, a veteran MiBe of Trog (Elf:3)
  5 golden dragons
  the Enchantress (Depths:1)
  A bone dragon (Depths:5)
  A profane servitor (Crypt:3)
  Arachne (Spider:3)
  3 tentacled monstrosities (Depths:4)
  Jorgrun (Swamp:2)
  A moon troll (WizLab)
  2 deep elf master archers (Elf:3)
  2 liches
  7 titans
  3 quicksilver dragons
  3 deep elf blademasters
  4 ancient champions
  9 tentacled starspawn
  2 sphinxes
  Frances (D:14)
  Agnes (Spider:3)
  Roxanne (Swamp:1)
  7 tengu reavers
  3 revenants
  A shadow dragon (Vaults:4)
  3 storm dragons
  11 frost giants
  A draconian knight (Depths:5)
  A fire giant (shapeshifter) (Depths:3)
  3 iron dragons
  5 deep elf sorcerers
  9 vault wardens
  Aizul (Spider:2)
  6 fire giants
  3 ghost moths (Spider:4)
  8 emperor scorpions
  3 ghouls
  3 curse skulls
  2 deep elf elementalists
  The ghost of bli the Thaumaturge, a journeyman DrEE of Vehumet (Swamp:1)
  A draconian stormcaller (Depths:5)
  34 very ugly things
  5 spriggan defenders
  2 juggernaut skeletons
  25 stone giants
  11 ironheart preservers
  An entropy weaver (Spider:1)
  5 deep elf demonologists
  4 vampire knights
  2 red draconians (Depths:5)
  A green draconian (Depths:5)
  6 deep elf annihilators
  A yellow draconian (Depths:5)
  A purple draconian (Depths:5)
  3 spark wasps (Depths:2)
  4 eidola
  7 ettins
  A blizzard demon (Depths:1)
  4 crystal guardians
  Josephine (Lair:6)
  8 deep elf death magi
  25 jiangshi
  17 fire dragons
  6 deep elf high priests
  9 great orbs of eyes
  A quicksilver dragon skeleton (Crypt:2)
  14 yaktaur captains
  3 rakshasas
  6 spriggan air magi
  34 vault guards
  12 ice dragons
  3 shambling mangroves (Swamp:4)
  11 centaur warriors
  14 ogre magi
  A two-headed ogre (shapeshifter) (Depths:4)
  20 hydras
  5 ghost crabs
  8 death knights
  10 alligators
  4 deep troll shamans
  36 two-headed ogres
  28 dancing weapons
  10 tengu warriors
  6 death yaks
  6 deep troll earth magi
  7 vampire magi
  10 spriggan berserkers
  22 deep elf knights
  3 sun demons
  A titan skeleton (Depths:2)
  8 hell knights
  4 orc high priests
  4 soul eaters
  Sonja (Lair:6)
  A fire crab (Lair:4)
  17 skeletal warriors
  4 shadow wraiths
  2 storm dragon skeletons (Crypt:1)
  A wretched star (WizLab)
  2 iron trolls (Depths:4)
  2 unseen horrors (Vaults:1)
  A spatial maelstrom (Abyss:3)
  A spectral iron dragon (Crypt:3)
  2 orange crystal statues
  12 flayed ghosts
  24 deep trolls
  16 glowing orange brains
  2 starcursed masses (WizLab)
  A shadow demon (Abyss:3)
  5 swamp dragons
  8 wizards
  A spriggan druid (Swamp:4)
  A golden dragon skeleton (Crypt:2)
  10 deep elf archers
  6 phantasmal warriors
  An obsidian statue (Depths:1)
  A harpy (shapeshifter) (Depths:3)
  2 tengu zombies
  15 ironbrand convokers
  12 harpies
  21 orb spiders
  15 orc knights
  An orb spider (shapeshifter) (Vaults:4)
  8 necromancers
  64 ugly things
  A wolf spider zombie (Crypt:2)
  A salamander (Depths:3)
  A sphinx zombie (Depths:2)
  3 orc sorcerers (Orc:2)
  68 deep elf magi
  4 moths of wrath
  22 wolf spiders
  A sphinx skeleton (Crypt:1)
  A cyclops (shapeshifter) (Depths:1)
  A fire giant zombie (Depths:2)
  An elephant (shapeshifter) (Depths:4)
  2 worldbinders (Abyss:3)
  A guardian serpent (Abyss:3)
  7 cyclopes
  A manticore (D:11)
  A centaur zombie (D:13)
  Maurice (D:8)
  A naga mage (Abyss:3)
  A rust devil (Depths:1)
  A fire giant skeleton (Depths:3)
  5 elephants (Lair:6)
  2 black mambas
  A dire elephant zombie (Crypt:3)
  2 ice statues (IceCv)
  An orange demon (Depths:1)
  2 orc zombies
  2 gargoyles
  6 centaur skeletons
  5 eyes of devastation (WizLab)
  2 torpor snails
  15 vault sentinels
  A shock serpent skeleton (Crypt:1)
  14 spiny frogs
  3 rime drakes
  34 yaktaurs
  8 demonic crawlers
  A dire elephant skeleton (Abyss:3)
  9 freezing wraiths
  5 kobold demonologists
  A large abomination (Abyss:3)
  An ice devil (Depths:1)
  7 komodo dragons
  A tormentor (Abyss:3)
  10 polar bears
  9 tengu conjurers
  A red devil (Depths:1)
  9 tyrant leeches
  12 trolls
  A wind drake (shapeshifter) (Depths:3)
  21 jumping spiders
  2 jumping spiders (shapeshifter)
  A meliai (shapeshifter) (Vaults:1)
  3 raiju
  23 hornets
  16 bog bodies
  25 blink frogs
  A death drake skeleton (Crypt:2)
  A hippogriff (shapeshifter) (Vaults:3)
  51 slime creatures
  9 hippogriffs
  37 flying skulls
  A stone giant simulacrum (Vaults:3)
  An ettin skeleton (Crypt:1)
  4 air elementals
  A tarantella (shapeshifter) (Depths:1)
  A frost giant simulacrum (Depths:3)
  2 redbacks (shapeshifter) (Depths:4)
  76 redbacks
  11 spriggans
  6 water elementals
  5 shadows
  A ynoxinul (Abyss:3)
  13 wraiths
  3 fire elementals
  20 humans
  32 yaks
  2 hungry ghosts
  Eustachio (D:4)
  21 tarantellas
  5 basilisks
  5 wyverns
  Grum (D:9)
  11 golden eyes (WizLab)
  11 wargs
  14 vampire mosquitoes
  A naga (Abyss:3)
  An elf skeleton (Depths:3)
  6 insubstantial wisps
  12 swamp worms
  3 acid dragons
  14 hell hounds (Lair:6)
  4 water moccasins
  9 porcupines
  Duvessa (D:5)
  7 sky beasts
  A floating eye (Depths:2)
  48 orc warriors
  10 swamp drakes
  25 ice beasts
  12 black bears
  2 swamp dragon zombies
  7 necrophages
  A spriggan simulacrum (Depths:2)
  A manticore skeleton (Crypt:1)
  52 ogres
  An ogre (shapeshifter) (Abyss:3)
  5 phantoms
  An eye of draining (D:12)
  27 wolves
  A blink frog zombie (Crypt:2)
  11 boggarts
  20 centaurs
  12 crocodiles
  18 bullfrogs
  An elf zombie (Crypt:2)
  A gnoll sergeant (D:8)
  5 big kobolds
  An earth elemental (Elf:2)
  3 human skeletons
  2 scorpions
  A wyvern skeleton (D:14)
  Dowan (D:5)
  7 killer bees (D:9)
  A polar bear skeleton (Crypt:1)
  14 wights
  A raiju skeleton (Crypt:2)
  A troll skeleton (Crypt:1)
  3 howler monkeys
  5 electric eels
  A lava snake (Lair:5)
  11 crimson imps
  4 quasits
  6 small abominations
  3 bullfrog zombies
  8 hounds
  5 human zombies (Crypt:2)
  3 jellies
  30 orc wizards
  4 bullfrog skeletons
  24 orc priests
  Crazy Yiuf (D:3)
  3 iron imps (Depths:1)
  13 worker ants
  9 iguanas
  Natasha (twice) (D:4)
  A demonspawn skeleton (Crypt:1)
  A hound zombie (D:9)
  2 hound skeletons
  14 adders
  10 gnolls
  8 shadow imps
  2 oozes (D:2)
  A lava snake skeleton (Crypt:1)
  2 worms (D:3)
  2 dart slugs (D:1)
  3 leopard geckos
  125 orcs
  4 ball pythons
  9 giant cockroaches
  6 goblins
  3 hobgoblins
  15 jackals
  19 kobolds
  5 quokkas
  11 bats
  5 frilled lizards
  A gnoll zombie (Crypt:2)
  A jackal skeleton (D:5)
  2 leopard gecko skeletons (D:6)
  A leopard gecko zombie (D:6)
  2 quokka skeletons
  5 rats
  3 fungi (D:3)
  4 starspawn tentacles (WizLab)
2350 creatures vanquished.

Vanquished Creatures (collateral kills)
  Nikola (Depths:2)
  2 golden dragons (Vaults:4)
  A bone dragon (Crypt:3)
  The ghost of Vuetwaan the Executioner, an adept MiBe of Trog (Spider:4)
  A shadow dragon (D:12)
  The ghost of Xywau the Peltast, an adept FoFi of Gozag (Swamp:4)
  An ancient champion (Vaults:2)
  A tengu reaver (D:12)
  A fire giant (D:12)
  An emperor scorpion (Lair:3)
  A cacodemon (WizLab)
  A very ugly thing (WizLab)
  2 vampire knights (Crypt:3)
  5 jiangshi (Crypt:3)
  A yaktaur captain (D:12)
  5 hydras (Swamp:4)
  2 death knights (Crypt:3)
  An ogre mage (Vaults:1)
  A shambling mangrove (Swamp:4)
  A deep elf knight (D:12)
  A shadow wraith (Crypt:3)
  8 skeletal warriors
  2 flayed ghosts
  2 deep trolls (Depths:5)
  3 swamp dragons (Swamp:4)
  An orc knight (Vaults:2)
  An ironbrand convoker (Vaults:3)
  2 deep elf magi
  A phantasmal warrior (Vaults:2)
  A wolf spider (Spider:3)
  A cyclops (Vaults:1)
  7 ugly things
  An eye of devastation (WizLab)
  A freezing wraith (Crypt:3)
  2 yaktaurs (Vaults:1)
  A spectral harpy (Crypt:3)
  A troll (D:12)
  A tyrant leech (Swamp:4)
  4 hornets
  2 bog bodies (Swamp:4)
  A hippogriff (D:12)
  8 flying skulls (Crypt:3)
  2 redbacks (Spider:3)
  A tarantella (Spider:3)
  A wraith (Crypt:3)
  A spriggan (Swamp:4)
  A neqoxec (WizLab)
  A vampire mosquito (D:12)
  3 swamp drakes (Swamp:4)
  An eye of draining (shapeshifter) (D:12)
  A boggart (Vaults:2)
  A small abomination (Crypt:3)
  A scorpion (D:12)
  A wight (D:12)
  A crimson imp (D:12)
  A bullfrog zombie (D:12)
  A quasit (D:12)
  A worker ant (D:12)
  A starspawn tentacle (WizLab)
103 creatures vanquished.

Vanquished Creatures (others)
  A very ugly thing (Vaults:3)
  A deep elf death mage (Crypt:3)
  An orb spider (Spider:3)
  A cyclops (Vaults:1)
  2 deep elf magi (Elf:2)
  A wolf spider (Spider:1)
  2 demonic crawlers (Spider:1)
  A meliai (D:12)
  2 flying skulls (Crypt:3)
  3 redbacks
  A vampire mosquito (Swamp:1)
  A swamp worm (Swamp:3)
  A hell hound (Lair:6)
  2 orcs
  A giant cockroach (D:7)
  4 demonic plants (WizLab)
  12 fungi
  29 plants
  21 starspawn tentacles
87 creatures vanquished.

Grand Total: 2540 creatures vanquished

Notes
Turn   | Place    | Note
-------+----------+-------------------------------------------
     0 | D:1      | Gorice the Gnoll Wanderer began the quest for the Orb.
     0 | D:1      | Gorice set off with the following items: a +2 hand axe, a
                  | +0 mace, a potion of curing, a +0 robe, a ration
     0 | D:1      | Reached XP level 1. HP: 23/23 MP: 2/2
   135 | D:1      | Reached XP level 2. HP: 20/29 MP: 3/3
   305 | D:1      | Reached XP level 3. HP: 35/35 MP: 4/4
   790 | D:2      | Found an ancient bone altar of Kikubaaqudgha.
   957 | D:2      | Reached skill level 1 in Invocations
  1061 | D:2      | Reached skill level 1 in Short Blades
  1061 | D:2      | Reached skill level 1 in Maces & Flails
  1061 | D:2      | Reached skill level 1 in Polearms
  1061 | D:2      | Reached skill level 1 in Staves
  1061 | D:2      | Reached skill level 1 in Slings
  1061 | D:2      | Reached skill level 1 in Bows
  1061 | D:2      | Reached skill level 1 in Crossbows
  1061 | D:2      | Reached skill level 1 in Stealth
  1061 | D:2      | Reached skill level 1 in Shields
  1061 | D:2      | Reached skill level 1 in Unarmed Combat
  1061 | D:2      | Reached skill level 1 in Spellcasting
  1125 | D:2      | Reached XP level 4. HP: 41/41 MP: 6/6
  1226 | D:2      | Found a hazy altar of Hepliaklqana.
  1354 | D:2      | Found a stormy altar of Qazlal.
  1756 | D:3      | Reached skill level 1 in Conjurations
  1756 | D:3      | Reached skill level 1 in Hexes
  1756 | D:3      | Reached skill level 1 in Charms
  1756 | D:3      | Reached skill level 1 in Summonings
  1756 | D:3      | Reached skill level 1 in Necromancy
  1756 | D:3      | Reached skill level 1 in Translocations
  1756 | D:3      | Reached skill level 1 in Transmutations
  1756 | D:3      | Reached skill level 1 in Fire Magic
  1756 | D:3      | Reached skill level 1 in Ice Magic
  1756 | D:3      | Reached skill level 1 in Air Magic
  1756 | D:3      | Reached skill level 1 in Earth Magic
  1756 | D:3      | Reached skill level 1 in Poison Magic
  2026 | D:3      | Reached XP level 5. HP: 30/47 MP: 7/7
  2307 | D:3      | Reached skill level 3 in Long Blades
  2307 | D:3      | Reached skill level 3 in Throwing
  2307 | D:3      | Reached skill level 3 in Armour
  2307 | D:3      | Reached skill level 3 in Dodging
  2307 | D:3      | Reached skill level 3 in Evocations
  2603 | D:4      | Learned a level 2 spell: Blink
  2606 | D:4      | Noticed Eustachio
  2634 | D:4      | Reached XP level 6. HP: 27/53 MP: 8/8
  2859 | D:4      | Reached skill level 2 in Invocations
  3185 | D:4      | Reached skill level 5 in Axes
  3186 | D:4      | Reached skill level 2 in Short Blades
  3186 | D:4      | Reached skill level 2 in Maces & Flails
  3186 | D:4      | Reached skill level 2 in Polearms
  3186 | D:4      | Reached skill level 2 in Staves
  3186 | D:4      | Reached skill level 2 in Slings
  3186 | D:4      | Reached skill level 2 in Bows
  3186 | D:4      | Reached skill level 2 in Crossbows
  3186 | D:4      | Reached skill level 2 in Stealth
  3186 | D:4      | Reached skill level 2 in Shields
  3186 | D:4      | Reached skill level 2 in Unarmed Combat
  3186 | D:4      | Reached skill level 2 in Spellcasting
  3201 | D:4      | Noticed Natasha
  3209 | D:4      | Killed Natasha
  3214 | D:4      | Found a glowing silver altar of Zin.
  3221 | D:4      | Noticed a phantom
  3264 | D:4      | Killed a phantom
  3264 | D:4      | Reached XP level 7. HP: 46/59 MP: 10/10
  3342 | D:4      | Reached skill level 7 in Fighting
  3521 | D:4      | Reached skill level 2 in Conjurations
  3521 | D:4      | Reached skill level 2 in Hexes
  3521 | D:4      | Reached skill level 2 in Charms
  3521 | D:4      | Reached skill level 2 in Summonings
  3521 | D:4      | Reached skill level 2 in Necromancy
  3521 | D:4      | Reached skill level 2 in Translocations
  3521 | D:4      | Reached skill level 2 in Transmutations
  3521 | D:4      | Reached skill level 2 in Fire Magic
  3521 | D:4      | Reached skill level 2 in Ice Magic
  3521 | D:4      | Reached skill level 2 in Air Magic
  3521 | D:4      | Reached skill level 2 in Earth Magic
  3521 | D:4      | Reached skill level 2 in Poison Magic
  4072 | D:4      | Reached skill level 3 in Invocations
  4183 | D:4      | Found a shadowy altar of Dithmenos.
  4213 | D:4      | Reached XP level 8. HP: 67/67 MP: 12/12
  4283 | D:4      | Killed Eustachio
  4283 | D:4      | Reached skill level 3 in Short Blades
  4283 | D:4      | Reached skill level 4 in Long Blades
  4283 | D:4      | Reached skill level 3 in Maces & Flails
  4283 | D:4      | Reached skill level 3 in Polearms
  4283 | D:4      | Reached skill level 3 in Staves
  4283 | D:4      | Reached skill level 3 in Slings
  4283 | D:4      | Reached skill level 3 in Bows
  4283 | D:4      | Reached skill level 3 in Crossbows
  4283 | D:4      | Reached skill level 4 in Throwing
  4283 | D:4      | Reached skill level 4 in Armour
  4283 | D:4      | Reached skill level 4 in Dodging
  4283 | D:4      | Reached skill level 3 in Stealth
  4283 | D:4      | Reached skill level 3 in Shields
  4283 | D:4      | Reached skill level 3 in Unarmed Combat
  4283 | D:4      | Reached skill level 3 in Spellcasting
  4283 | D:4      | Reached skill level 4 in Evocations
  4419 | D:3      | Found a runed translucent door.
  4420 | D:3      | Noticed Crazy Yiuf
  4436 | D:3      | Killed Crazy Yiuf
  4472 | D:4      | Noticed Natasha
  4591 | D:4      | Killed Natasha
  4618 | D:5      | Entered Level 5 of the Dungeon
  5108 | D:5      | Noticed Duvessa
  5108 | D:5      | Noticed Dowan
  5163 | D:5      | Killed Dowan
  5171 | D:5      | Killed Duvessa
  6115 | D:5      | Found a burning altar of Makhleb.
  6220 | D:5      | Reached skill level 4 in Invocations
  6289 | D:6      | Found Etrezuwn's General Store.
  6306 | D:6      | Found Hapi's General Store.
  6343 | D:6      | Reached skill level 3 in Conjurations
  6343 | D:6      | Reached skill level 3 in Hexes
  6343 | D:6      | Reached skill level 3 in Charms
  6343 | D:6      | Reached skill level 3 in Summonings
  6343 | D:6      | Reached skill level 3 in Necromancy
  6343 | D:6      | Reached skill level 3 in Translocations
  6343 | D:6      | Reached skill level 3 in Transmutations
  6343 | D:6      | Reached skill level 3 in Fire Magic
  6343 | D:6      | Reached skill level 3 in Ice Magic
  6343 | D:6      | Reached skill level 3 in Air Magic
  6343 | D:6      | Reached skill level 3 in Earth Magic
  6343 | D:6      | Reached skill level 3 in Poison Magic
  6420 | D:6      | Found a staircase to the Ecumenical Temple.
  6450 | Temple   | Entered the Ecumenical Temple
  6507 | Temple   | Became a worshipper of the Shining One
  6554 | D:6      | Reached XP level 9. HP: 70/72 MP: 14/14
  6578 | D:6      | Reached skill level 6 in Axes
  6725 | D:6      | Found Nanah's Antique Weapon Shoppe.
  6762 | D:6      | Found Dontuh's Food Shoppe.
  6850 | D:6      | Reached skill level 4 in Short Blades
  6850 | D:6      | Reached skill level 4 in Maces & Flails
  6850 | D:6      | Reached skill level 4 in Polearms
  6850 | D:6      | Reached skill level 4 in Staves
  6850 | D:6      | Reached skill level 4 in Slings
  6850 | D:6      | Reached skill level 4 in Bows
  6850 | D:6      | Reached skill level 4 in Crossbows
  6850 | D:6      | Reached skill level 4 in Stealth
  6850 | D:6      | Reached skill level 4 in Shields
  6850 | D:6      | Reached skill level 4 in Unarmed Combat
  6850 | D:6      | Reached skill level 4 in Spellcasting
  7114 | D:6      | Found a blossoming altar of Fedhas.
  7187 | D:6      | Reached skill level 5 in Long Blades
  7187 | D:6      | Reached skill level 5 in Throwing
  7187 | D:6      | Reached skill level 5 in Armour
  7187 | D:6      | Reached skill level 5 in Dodging
  7187 | D:6      | Reached skill level 5 in Evocations
  7302 | D:7      | Found a flagged portal.
  7333 | Bailey   | Entered a bailey
  7363 | Bailey   | Reached skill level 8 in Fighting
  7391 | Bailey   | Learned a level 1 spell: Apportation
  7650 | Bailey   | HP: 21/74 [orc warrior/bolt (20)]
  7897 | Bailey   | HP: 15/74 [orc warrior/bolt (13)]
  8188 | Bailey   | Reached skill level 5 in Invocations
  8799 | Bailey   | Reached XP level 10. HP: 51/80 MP: 15/17
  8934 | Bailey   | HP: 22/80 [orc warrior/+0 trident (7)]
  9226 | Bailey   | Reached skill level 4 in Conjurations
  9226 | Bailey   | Reached skill level 4 in Hexes
  9226 | Bailey   | Reached skill level 4 in Charms
  9226 | Bailey   | Reached skill level 4 in Summonings
  9226 | Bailey   | Reached skill level 4 in Necromancy
  9226 | Bailey   | Reached skill level 4 in Translocations
  9226 | Bailey   | Reached skill level 4 in Transmutations
  9226 | Bailey   | Reached skill level 4 in Fire Magic
  9226 | Bailey   | Reached skill level 4 in Ice Magic
  9226 | Bailey   | Reached skill level 4 in Air Magic
  9226 | Bailey   | Reached skill level 4 in Earth Magic
  9226 | Bailey   | Reached skill level 4 in Poison Magic
  9400 | Bailey   | Noticed an orc knight
  9400 | Bailey   | Reached * piety under the Shining One
  9417 | Bailey   | Killed an orc knight
  9417 | Bailey   | Reached skill level 5 in Short Blades
  9417 | Bailey   | Reached skill level 5 in Maces & Flails
  9417 | Bailey   | Reached skill level 5 in Polearms
  9417 | Bailey   | Reached skill level 5 in Staves
  9417 | Bailey   | Reached skill level 5 in Slings
  9417 | Bailey   | Reached skill level 5 in Bows
  9417 | Bailey   | Reached skill level 5 in Crossbows
  9417 | Bailey   | Reached skill level 5 in Stealth
  9417 | Bailey   | Reached skill level 5 in Shields
  9417 | Bailey   | Reached skill level 5 in Unarmed Combat
  9417 | Bailey   | Reached skill level 5 in Spellcasting
  9439 | Bailey   | Identified a scroll of acquirement
  9870 | D:7      | Reached skill level 7 in Axes
 10779 | D:7      | Reached skill level 6 in Long Blades
 10779 | D:7      | Reached skill level 6 in Throwing
 10779 | D:7      | Reached skill level 6 in Armour
 10779 | D:7      | Reached skill level 6 in Dodging
 10779 | D:7      | Reached skill level 6 in Evocations
 11320 | D:8      | Reached ** piety under the Shining One
 11357 | D:8      | Found a faded altar of an unknown god.
 11357 | D:8      | Found a faded altar of an unknown god.
 11362 | D:8      | Found a snail-covered altar of Cheibriados.
 11364 | D:8      | Found a basalt altar of Yredelemnul.
 11365 | D:8      | Found a deep blue altar of Sif Muna.
 11392 | D:8      | Found a sacrificial altar of Ru.
 11464 | D:8      | Noticed Maurice
 11470 | D:8      | Killed Maurice
 11470 | D:8      | Reached skill level 6 in Invocations
 11580 | D:9      | Found a white marble altar of Elyvilon.
 11631 | D:9      | HP: 18/82 [killer bee (7)]
 11636 | D:9      | HP: 16/82 [poisoned by a killer bee]
 11641 | D:9      | HP: 15/82 [poisoned by a killer bee]
 11648 | D:9      | HP: 17/82 [poisoned by a killer bee]
 11656 | D:9      | HP: 16/82 [poisoned by a killer bee]
 12134 | D:9      | Reached XP level 11. HP: 62/87 MP: 19/19
 12386 | D:9      | Got a transparent glass ring
 12392 | D:9      | Identified the ring of Yturiops {rC+ rN+ Int+3} (You found
                  | it on level 9 of the Dungeon)
 12543 | D:9      | Noticed Grum
 12567 | D:9      | Killed Grum
 12972 | D:10     | Entered Level 10 of the Dungeon
 12985 | D:10     | Found a staircase to the Orcish Mines.
 13039 | D:10     | Found a shimmering altar of Xom.
 13056 | D:10     | Reached skill level 9 in Fighting
 13066 | D:10     | Reached skill level 6 in Short Blades
 13066 | D:10     | Reached skill level 6 in Maces & Flails
 13066 | D:10     | Reached skill level 6 in Polearms
 13066 | D:10     | Reached skill level 6 in Staves
 13066 | D:10     | Reached skill level 6 in Slings
 13066 | D:10     | Reached skill level 6 in Bows
 13066 | D:10     | Reached skill level 6 in Crossbows
 13066 | D:10     | Reached skill level 6 in Stealth
 13066 | D:10     | Reached skill level 6 in Shields
 13066 | D:10     | Reached skill level 6 in Unarmed Combat
 13066 | D:10     | Reached skill level 6 in Spellcasting
 13092 | D:10     | Reached skill level 5 in Conjurations
 13092 | D:10     | Reached skill level 5 in Hexes
 13092 | D:10     | Reached skill level 5 in Charms
 13092 | D:10     | Reached skill level 5 in Summonings
 13092 | D:10     | Reached skill level 5 in Necromancy
 13092 | D:10     | Reached skill level 5 in Translocations
 13092 | D:10     | Reached skill level 5 in Transmutations
 13092 | D:10     | Reached skill level 5 in Fire Magic
 13092 | D:10     | Reached skill level 5 in Ice Magic
 13092 | D:10     | Reached skill level 5 in Air Magic
 13092 | D:10     | Reached skill level 5 in Earth Magic
 13092 | D:10     | Reached skill level 5 in Poison Magic
 13819 | D:10     | Found a roughly hewn altar of Beogh.
 13940 | D:11     | Noticed a cyclops
 13944 | D:11     | Killed a cyclops
 14115 | D:11     | Reached *** piety under the Shining One
 14456 | D:11     | Noticed a cyan ugly thing
 14464 | D:11     | Killed a cyan ugly thing
 14464 | D:11     | Reached skill level 7 in Invocations
 14501 | D:11     | Noticed a manticore
 14517 | D:11     | Reached skill level 7 in Long Blades
 14517 | D:11     | Reached skill level 8 in Axes
 14517 | D:11     | Reached skill level 7 in Throwing
 14517 | D:11     | Reached skill level 7 in Armour
 14517 | D:11     | Reached skill level 7 in Dodging
 14517 | D:11     | Reached skill level 7 in Evocations
 14529 | D:11     | Killed a manticore
 14531 | D:11     | HP: 24/89 [ogre/cursed -2 giant spiked club (18)]
 14950 | D:11     | Found a staircase to the Lair.
 15019 | D:11     | Got a brightly glowing flail
 15160 | D:11     | Identified the +12 flail "Giantbane" {speed, Int+5} (You
                  | found it on level 11 of the Dungeon)
 15166 | Lair:1   | Entered Level 1 of the Lair of Beasts
 15347 | Lair:1   | Reached XP level 12. HP: 37/96 MP: 22/22
 16176 | Lair:2   | Noticed an eight-headed hydra
 16184 | Lair:2   | Killed an eight-headed hydra
 16184 | Lair:2   | Reached skill level 7 in Short Blades
 16184 | Lair:2   | Reached skill level 7 in Maces & Flails
 16184 | Lair:2   | Reached skill level 7 in Polearms
 16184 | Lair:2   | Reached skill level 7 in Staves
 16184 | Lair:2   | Reached skill level 7 in Slings
 16184 | Lair:2   | Reached skill level 7 in Bows
 16184 | Lair:2   | Reached skill level 7 in Crossbows
 16184 | Lair:2   | Reached skill level 7 in Stealth
 16184 | Lair:2   | Reached skill level 7 in Shields
 16184 | Lair:2   | Reached skill level 7 in Unarmed Combat
 16184 | Lair:2   | Reached skill level 7 in Spellcasting
 16264 | Lair:2   | Reached **** piety under the Shining One
 16286 | Lair:2   | HP: 28/97 [yak (8)]
 16291 | Lair:2   | HP: 18/97 [yak (1)]
 16417 | Lair:2   | HP: 24/97 [komodo dragon (25)]
 16419 | Lair:2   | Reached skill level 6 in Conjurations
 16419 | Lair:2   | Reached skill level 6 in Hexes
 16419 | Lair:2   | Reached skill level 6 in Charms
 16419 | Lair:2   | Reached skill level 6 in Summonings
 16419 | Lair:2   | Reached skill level 6 in Necromancy
 16419 | Lair:2   | Reached skill level 6 in Translocations
 16419 | Lair:2   | Reached skill level 6 in Transmutations
 16419 | Lair:2   | Reached skill level 6 in Fire Magic
 16419 | Lair:2   | Reached skill level 6 in Ice Magic
 16419 | Lair:2   | Reached skill level 6 in Air Magic
 16419 | Lair:2   | Reached skill level 6 in Earth Magic
 16419 | Lair:2   | Reached skill level 6 in Poison Magic
 16467 | Lair:2   | Found a frozen archway.
 16483 | Lair:2   | Reached skill level 8 in Invocations
 16643 | IceCv    | Entered an ice cave
 17057 | IceCv    | Reached skill level 10 in Fighting
 17057 | IceCv    | Reached skill level 8 in Long Blades
 17057 | IceCv    | Reached skill level 8 in Throwing
 17057 | IceCv    | Reached skill level 8 in Armour
 17057 | IceCv    | Reached skill level 8 in Dodging
 17057 | IceCv    | Reached skill level 8 in Evocations
 17118 | IceCv    | Noticed an ice dragon
 17144 | IceCv    | Killed an ice dragon
 17236 | IceCv    | Got a vibrating bronze ring
 17258 | IceCv    | Identified the ring "Vetulear" {MP+9 Str+2} (You found it
                  | in an ice cave)
 17317 | IceCv    | Reached skill level 9 in Axes
 17356 | IceCv    | Noticed an ice dragon
 17395 | IceCv    | Killed an ice dragon
 17623 | Lair:2   | Reached XP level 13. HP: 103/103 MP: 24/24
 18347 | Lair:3   | Reached skill level 8 in Short Blades
 18347 | Lair:3   | Reached skill level 8 in Maces & Flails
 18347 | Lair:3   | Reached skill level 8 in Polearms
 18347 | Lair:3   | Reached skill level 8 in Staves
 18347 | Lair:3   | Reached skill level 8 in Slings
 18347 | Lair:3   | Reached skill level 8 in Bows
 18347 | Lair:3   | Reached skill level 8 in Crossbows
 18347 | Lair:3   | Reached skill level 8 in Stealth
 18347 | Lair:3   | Reached skill level 8 in Shields
 18347 | Lair:3   | Reached skill level 8 in Unarmed Combat
 18347 | Lair:3   | Reached skill level 8 in Spellcasting
 18429 | Lair:3   | Got a pair of shimmering gloves
 18438 | Lair:3   | Identified the +0 pair of gloves of Activism {Stlth+} (You
                  | found it on level 3 of the Lair of Beasts)
 19008 | Lair:3   | Reached skill level 9 in Invocations
 19172 | Lair:3   | Found a hole to the Spider Nest.
 19588 | Lair:4   | Reached skill level 7 in Conjurations
 19588 | Lair:4   | Reached skill level 7 in Hexes
 19588 | Lair:4   | Reached skill level 7 in Charms
 19588 | Lair:4   | Reached skill level 7 in Summonings
 19588 | Lair:4   | Reached skill level 7 in Necromancy
 19588 | Lair:4   | Reached skill level 7 in Translocations
 19588 | Lair:4   | Reached skill level 7 in Transmutations
 19588 | Lair:4   | Reached skill level 7 in Fire Magic
 19588 | Lair:4   | Reached skill level 7 in Ice Magic
 19588 | Lair:4   | Reached skill level 7 in Air Magic
 19588 | Lair:4   | Reached skill level 7 in Earth Magic
 19588 | Lair:4   | Reached skill level 7 in Poison Magic
 19778 | Lair:4   | Upgraded the game from 0.24-a0-226-gca05e9d to
                  | 0.24-a0-228-g05560da
 19968 | Lair:4   | Reached skill level 9 in Long Blades
 19968 | Lair:4   | Reached skill level 9 in Throwing
 19968 | Lair:4   | Reached skill level 9 in Armour
 19968 | Lair:4   | Reached skill level 9 in Dodging
 19968 | Lair:4   | Reached skill level 9 in Evocations
 20163 | Lair:4   | Reached ***** piety under the Shining One
 20177 | Lair:4   | Found a staircase to the Swamp.
 20586 | Lair:5   | Reached XP level 14. HP: 111/111 MP: 26/26
 21227 | Lair:6   | Entered Level 6 of the Lair of Beasts
 21294 | Lair:6   | Reached skill level 10 in Axes
 21296 | Lair:6   | Noticed Josephine
 21307 | Lair:6   | Killed Josephine
 21424 | Lair:5   | Reached skill level 11 in Fighting
 21719 | Lair:6   | Reached skill level 9 in Short Blades
 21719 | Lair:6   | Reached skill level 9 in Maces & Flails
 21719 | Lair:6   | Reached skill level 9 in Polearms
 21719 | Lair:6   | Reached skill level 9 in Staves
 21719 | Lair:6   | Reached skill level 9 in Slings
 21719 | Lair:6   | Reached skill level 9 in Bows
 21719 | Lair:6   | Reached skill level 9 in Crossbows
 21719 | Lair:6   | Reached skill level 9 in Stealth
 21719 | Lair:6   | Reached skill level 9 in Shields
 21719 | Lair:6   | Reached skill level 9 in Unarmed Combat
 21719 | Lair:6   | Reached skill level 9 in Spellcasting
 21874 | Lair:6   | Noticed Sonja
 21876 | Lair:6   | Killed Sonja
 21908 | Lair:6   | Found a staircase to the Slime Pits.
 21908 | Lair:6   | Found a viscous altar of Jiyva.
 22420 | Lair:6   | Reached ****** piety under the Shining One
 22458 | Lair:6   | Reached skill level 10 in Invocations
 22657 | Lair:6   | Found the amulet of the Four Winds {rN+ MR+++ Clar}
 23299 | Orc:1    | Entered Level 1 of the Orcish Mines
 23639 | Orc:1    | Found a roughly hewn altar of Beogh.
 24097 | Orc:2    | Entered Level 2 of the Orcish Mines
 24346 | Orc:2    | Found Lynu's Weapon Boutique.
 24518 | Orc:2    | Found Ufuonaud's General Store.
 24519 | Orc:2    | Found a roughly hewn altar of Beogh.
 24604 | Orc:2    | Found Epnouluc's Antique Armour Boutique.
 24647 | Orc:2    | Found Toygitus's Armour Shoppe.
 24714 | Orc:2    | Found a staircase to the Elven Halls.
 24981 | Orc:2    | Reached skill level 8 in Conjurations
 24981 | Orc:2    | Reached skill level 8 in Hexes
 24981 | Orc:2    | Reached skill level 8 in Charms
 24981 | Orc:2    | Reached skill level 8 in Summonings
 24981 | Orc:2    | Reached skill level 8 in Necromancy
 24981 | Orc:2    | Reached skill level 8 in Translocations
 24981 | Orc:2    | Reached skill level 8 in Transmutations
 24981 | Orc:2    | Reached skill level 8 in Fire Magic
 24981 | Orc:2    | Reached skill level 8 in Ice Magic
 24981 | Orc:2    | Reached skill level 8 in Air Magic
 24981 | Orc:2    | Reached skill level 8 in Earth Magic
 24981 | Orc:2    | Reached skill level 8 in Poison Magic
 24994 | Orc:2    | Reached XP level 15. HP: 119/119 MP: 28/28
 25057 | Orc:2    | Reached skill level 10 in Long Blades
 25057 | Orc:2    | Reached skill level 10 in Throwing
 25057 | Orc:2    | Reached skill level 10 in Armour
 25057 | Orc:2    | Reached skill level 10 in Dodging
 25057 | Orc:2    | Reached skill level 10 in Evocations
 25106 | Orc:2    | Found Dueshi Bais's Distillery.
 25106 | Orc:2    | Found Huci's Armour Shoppe.
 25116 | Orc:2    | Found Lopuwolo's Antique Weapon Shoppe.
 25116 | Orc:2    | Found Koh Zize's Assorted Antiques.
 25129 | Orc:2    | Bought a potion of heal wounds for 70 gold pieces
 25129 | Orc:2    | Bought a potion of heal wounds for 70 gold pieces
 25288 | Orc:2    | Bought a pair of embroidered gloves for 210 gold pieces
 25347 | Orc:2    | Bought a fine plate armour for 1036 gold pieces
 25347 | Orc:2    | Identified the cursed +0 plate armour of the Flute {Str+5}
                  | (You bought it in a shop on level 2 of the Orcish Mines)
 26110 | D:12     | Noticed a fire giant
 26130 | D:12     | Identified the +3 large shield "Xevugag" {MR+ Dex+3}
 26137 | D:12     | HP: 15/119 [fire giant/fireball (61)]
 26139 | D:12     | Killed a fire giant
 26448 | D:12     | Noticed a shadow dragon
 26452 | D:12     | Noticed a tengu reaver
 27461 | D:14     | Noticed Frances
 27475 | D:14     | Killed Frances
 27641 | D:14     | Reached skill level 10 in Short Blades
 27641 | D:14     | Reached skill level 10 in Maces & Flails
 27641 | D:14     | Reached skill level 10 in Polearms
 27641 | D:14     | Reached skill level 10 in Staves
 27641 | D:14     | Reached skill level 10 in Slings
 27641 | D:14     | Reached skill level 10 in Bows
 27641 | D:14     | Reached skill level 10 in Crossbows
 27641 | D:14     | Reached skill level 10 in Stealth
 27641 | D:14     | Reached skill level 10 in Shields
 27641 | D:14     | Reached skill level 10 in Unarmed Combat
 27641 | D:14     | Reached skill level 10 in Spellcasting
 28073 | D:14     | Reached skill level 11 in Axes
 28513 | D:14     | Reached skill level 11 in Invocations
 28925 | D:14     | Got a faintly humming helmet
 28926 | D:14     | Identified the cursed +0 helmet of Untold Secrets {Str+4}
                  | (You found it on level 14 of the Dungeon)
 29132 | D:14     | Identified the +7 long sword of Defenestration {elec, rElec
                  | rC+ Str-4}
 29172 | D:14     | Paralysed by a wizard for 6 turns
 29194 | D:14     | Reached skill level 12 in Fighting
 29224 | D:14     | Found a gate to the Vaults.
 29250 | D:14     | Reached XP level 16. HP: 127/127 MP: 30/30
 29520 | Orc:2    | Bought +1 pearl dragon scales for 1468 gold pieces
 29536 | Orc:2    | Learned a level 4 spell: Summon Lightning Spire
 29540 | Orc:2    | Learned a level 3 spell: Conjure Flame
 29751 | D:15     | Entered Level 15 of the Dungeon
 29958 | D:15     | Found a staircase to the Depths.
 30154 | D:15     | Learned a level 1 spell: Summon Butterflies
 30329 | D:15     | Reached skill level 9 in Conjurations
 30329 | D:15     | Reached skill level 9 in Hexes
 30329 | D:15     | Reached skill level 9 in Charms
 30329 | D:15     | Reached skill level 9 in Summonings
 30329 | D:15     | Reached skill level 9 in Necromancy
 30329 | D:15     | Reached skill level 9 in Translocations
 30329 | D:15     | Reached skill level 9 in Transmutations
 30329 | D:15     | Reached skill level 9 in Fire Magic
 30329 | D:15     | Reached skill level 9 in Ice Magic
 30329 | D:15     | Reached skill level 9 in Air Magic
 30329 | D:15     | Reached skill level 9 in Earth Magic
 30329 | D:15     | Reached skill level 9 in Poison Magic
 30817 | D:15     | Found a glowing golden altar of the Shining One.
 31047 | D:12     | Killed a tengu reaver
 31047 | D:12     | Reached skill level 11 in Long Blades
 31047 | D:12     | Reached skill level 11 in Throwing
 31047 | D:12     | Reached skill level 11 in Armour
 31047 | D:12     | Reached skill level 11 in Dodging
 31047 | D:12     | Reached skill level 11 in Evocations
 31067 | D:12     | Killed a shadow dragon
 31125 | D:12     | Identified a +0 pair of boots of running (You found it on
                  | level 12 of the Dungeon)
 31125 | D:12     | --nice!
 31431 | Swamp:1  | Entered Level 1 of the Swamp
 31619 | Swamp:1  | Found a runed translucent door.
 31624 | Swamp:1  | Noticed bli's ghost (journeyman DrEE)
 31646 | Swamp:1  | Killed bli's ghost
 31999 | Swamp:1  | Noticed Roxanne
 32326 | Swamp:1  | Killed Roxanne
 32348 | Swamp:2  | Noticed Jorgrun
 32369 | Swamp:2  | Killed Jorgrun
 32371 | Swamp:2  | Reached skill level 11 in Short Blades
 32371 | Swamp:2  | Reached skill level 11 in Maces & Flails
 32371 | Swamp:2  | Reached skill level 11 in Polearms
 32371 | Swamp:2  | Reached skill level 11 in Staves
 32371 | Swamp:2  | Reached skill level 11 in Slings
 32371 | Swamp:2  | Reached skill level 11 in Bows
 32371 | Swamp:2  | Reached skill level 11 in Crossbows
 32371 | Swamp:2  | Reached skill level 11 in Stealth
 32371 | Swamp:2  | Reached skill level 11 in Shields
 32371 | Swamp:2  | Reached skill level 11 in Unarmed Combat
 32371 | Swamp:2  | Reached skill level 11 in Spellcasting
 32419 | Swamp:2  | Got a bloodstained cloak
 32420 | Swamp:2  | Identified the +0 cloak "Gaod" {Str+6} (You found it on
                  | level 2 of the Swamp)
 33066 | Swamp:2  | Reached XP level 17. HP: 122/135 MP: 32/32
 33562 | Swamp:2  | Reached skill level 12 in Invocations
 34054 | Swamp:3  | Reached skill level 12 in Axes
 34567 | Spider:1 | Entered Level 1 of the Spider Nest
 34914 | Lair:3   | HP: 40/135 [poisoned by an emperor scorpion]
 34919 | Lair:3   | HP: 36/135 [poisoned by an emperor scorpion]
 34924 | Lair:3   | HP: 32/135 [poisoned by an emperor scorpion]
 34929 | Lair:3   | HP: 31/135 [poisoned by an emperor scorpion]
 34935 | Lair:3   | HP: 30/135 [poisoned by an emperor scorpion]
 34941 | Lair:3   | HP: 30/135 [poisoned by an emperor scorpion]
 34949 | Lair:3   | HP: 30/135 [poisoned by an emperor scorpion]
 35576 | Spider:1 | Got a pair of pitted boots
 35577 | Spider:1 | Identified the +0 pair of boots "Byrchet" {rPois rN+++
                  | Str-3 Stlth-} (You found it on level 1 of the Spider Nest)
 35599 | Spider:1 | Learned a level 5 spell: Summon Mana Viper
 35941 | Spider:1 | Upgraded the game from 0.24-a0-228-g05560da to
                  | 0.24-a0-230-g536ed4e
 35986 | Spider:1 | HP: 39/135 [redback (10)]
 37392 | Spider:3 | Noticed Aizul
 37418 | Spider:2 | Killed Aizul
 37418 | Spider:2 | Reached skill level 13 in Fighting
 37745 | Spider:2 | HP: 38/136 [wolf spider[a torpor snail] (15)]
 37750 | Spider:2 | HP: 37/136 [poisoned by a redback]
 37759 | Spider:2 | HP: 37/136 [poisoned by a redback]
 37767 | Spider:2 | HP: 38/136 [poisoned by a redback]
 38074 | Spider:3 | Noticed Agnes
 38091 | Spider:3 | Killed Agnes
 38233 | Spider:3 | Noticed Arachne
 38252 | Spider:3 | Killed Arachne
 38446 | Spider:3 | Noticed Bai Suzhen
 38450 | Spider:3 | Reached skill level 10 in Conjurations
 38450 | Spider:3 | Reached skill level 10 in Hexes
 38450 | Spider:3 | Reached skill level 10 in Charms
 38450 | Spider:3 | Reached skill level 10 in Summonings
 38450 | Spider:3 | Reached skill level 10 in Necromancy
 38450 | Spider:3 | Reached skill level 10 in Translocations
 38450 | Spider:3 | Reached skill level 10 in Transmutations
 38450 | Spider:3 | Reached skill level 10 in Fire Magic
 38450 | Spider:3 | Reached skill level 10 in Ice Magic
 38450 | Spider:3 | Reached skill level 10 in Air Magic
 38450 | Spider:3 | Reached skill level 10 in Earth Magic
 38450 | Spider:3 | Reached skill level 10 in Poison Magic
 38470 | Spider:3 | Killed Bai Suzhen
 38470 | Spider:3 | Reached XP level 18. HP: 99/143 MP: 22/33
 38501 | Spider:3 | Reached skill level 12 in Long Blades
 38501 | Spider:3 | Reached skill level 12 in Throwing
 38501 | Spider:3 | Reached skill level 12 in Armour
 38501 | Spider:3 | Reached skill level 12 in Dodging
 38501 | Spider:3 | Reached skill level 12 in Evocations
 39097 | Orc:2    | Bought a translucent battleaxe for 425 gold pieces
 39098 | Orc:2    | Identified the +1 battleaxe of Domination {antimagic, +Rage
                  | rN+ Str-3 Int+5} (You bought it in a shop on level 2 of the
                  | Orcish Mines)
 39447 | Swamp:4  | Entered Level 4 of the Swamp
 40279 | Swamp:4  | Found a transporter.
 40311 | Swamp:4  | Noticed Xywau's ghost (adept FoFi)
 40331 | Swamp:4  | Found a transporter.
 40513 | Swamp:4  | HP: 41/143 [bog body/bolt of cold (31)]
 40517 | Swamp:4  | HP: 14/143 [bog body (9)]
 40520 | Swamp:4  | HP: 6/143 [shambling mangrove (12)]
 40525 | Swamp:4  | HP: 33/143 [shambling mangrove (10)]
 40527 | Swamp:4  | Reached skill level 12 in Short Blades
 40527 | Swamp:4  | Reached skill level 12 in Maces & Flails
 40527 | Swamp:4  | Reached skill level 12 in Polearms
 40527 | Swamp:4  | Reached skill level 12 in Staves
 40527 | Swamp:4  | Reached skill level 12 in Slings
 40527 | Swamp:4  | Reached skill level 12 in Bows
 40527 | Swamp:4  | Reached skill level 12 in Crossbows
 40527 | Swamp:4  | Reached skill level 12 in Stealth
 40527 | Swamp:4  | Reached skill level 12 in Shields
 40527 | Swamp:4  | Reached skill level 12 in Unarmed Combat
 40527 | Swamp:4  | Reached skill level 12 in Spellcasting
 40970 | Swamp:4  | Got a decaying rune of Zot
 41098 | Swamp:4  | Identified the +0 large shield of Action {Str+7 Int+2
                  | Dex-5}
 41359 | Swamp:4  | Reached skill level 13 in Invocations
 41753 | Swamp:4  | HP: 42/144 [Xywau's ghost (11)]
 41755 | Swamp:4  | Identified the +7 large shield of Cigygeih {SInv}
 41763 | Swamp:4  | Killed Xywau's ghost
 41777 | Swamp:4  | Got a pair of polished gloves
 41798 | Swamp:4  | Identified the +1 pair of gloves of Xataj {rF++ rN+ Dex-2}
                  | (You found it on level 4 of the Swamp)
 42200 | Spider:4 | Entered Level 4 of the Spider Nest
 43033 | Spider:4 | Found a runed translucent gate.
 43033 | Spider:4 | Found a runed translucent gate.
 43033 | Spider:4 | Found a runed translucent gate.
 43035 | Spider:4 | Noticed Vuetwaan's ghost (adept MiBe)
 43211 | Spider:4 | Killed Vuetwaan's ghost
 43486 | Spider:4 | Reached skill level 13 in Axes
 43797 | Spider:4 | Reached XP level 19. HP: 76/151 MP: 22/35
 43805 | Spider:4 | HP: 41/151 [emperor scorpion (5)]
 44212 | Spider:4 | Got a gossamer rune of Zot
 44558 | Vaults:1 | Entered Level 1 of the Vaults
 45977 | Vaults:1 | HP: 43/151 [yaktaur/bolt[a vault warden] (26)]
 46866 | Vaults:2 | Reached skill level 14 in Fighting
 47201 | Vaults:1 | Reached skill level 13 in Long Blades
 47201 | Vaults:1 | Reached skill level 13 in Throwing
 47201 | Vaults:1 | Reached skill level 13 in Armour
 47201 | Vaults:1 | Reached skill level 13 in Dodging
 47201 | Vaults:1 | Reached skill level 13 in Evocations
 47353 | Vaults:2 | Reached skill level 11 in Conjurations
 47353 | Vaults:2 | Reached skill level 11 in Hexes
 47353 | Vaults:2 | Reached skill level 11 in Charms
 47353 | Vaults:2 | Reached skill level 11 in Summonings
 47353 | Vaults:2 | Reached skill level 11 in Necromancy
 47353 | Vaults:2 | Reached skill level 11 in Translocations
 47353 | Vaults:2 | Reached skill level 11 in Transmutations
 47353 | Vaults:2 | Reached skill level 11 in Fire Magic
 47353 | Vaults:2 | Reached skill level 11 in Ice Magic
 47353 | Vaults:2 | Reached skill level 11 in Air Magic
 47353 | Vaults:2 | Reached skill level 11 in Earth Magic
 47353 | Vaults:2 | Reached skill level 11 in Poison Magic
 47557 | Vaults:2 | Found Uharorouwk's General Store.
 48128 | Vaults:2 | Cast into level 2 of the Abyss (a wizard)
 48150 | Vaults:2 | Escaped the Abyss
 48405 | Vaults:2 | Reached XP level 20. HP: 118/159 MP: 36/36
 48416 | Vaults:2 | Found a staircase to the Crypt.
 48461 | Vaults:2 | Reached skill level 14 in Invocations
 48465 | Vaults:2 | Reached skill level 13 in Short Blades
 48465 | Vaults:2 | Reached skill level 13 in Maces & Flails
 48465 | Vaults:2 | Reached skill level 13 in Polearms
 48465 | Vaults:2 | Reached skill level 13 in Staves
 48465 | Vaults:2 | Reached skill level 13 in Slings
 48465 | Vaults:2 | Reached skill level 13 in Bows
 48465 | Vaults:2 | Reached skill level 13 in Crossbows
 48465 | Vaults:2 | Reached skill level 13 in Stealth
 48465 | Vaults:2 | Reached skill level 13 in Shields
 48465 | Vaults:2 | Reached skill level 13 in Unarmed Combat
 48465 | Vaults:2 | Reached skill level 13 in Spellcasting
 48982 | Vaults:3 | Found a magical portal.
 49092 | WizLab   | Entered Lehudib's Moon Base
 49197 | WizLab   | Found a transporter.
 49875 | WizLab   | HP: 48/160 [poisoned by a green very ugly thing]
 49880 | WizLab   | HP: 34/160 [poisoned by a green very ugly thing]
 49885 | WizLab   | HP: 24/160 [poisoned by a green very ugly thing]
 49890 | WizLab   | HP: 18/160 [poisoned by a green very ugly thing]
 49895 | WizLab   | HP: 14/160 [poisoned by a green very ugly thing]
 49901 | WizLab   | HP: 11/160 [poisoned by a green very ugly thing]
 49906 | WizLab   | HP: 10/160 [poisoned by a green very ugly thing]
 49911 | WizLab   | HP: 10/160 [poisoned by a green very ugly thing]
 49918 | WizLab   | HP: 10/160 [poisoned by a green very ugly thing]
 49926 | WizLab   | HP: 11/160 [poisoned by a green very ugly thing]
 50620 | WizLab   | Paralysed by a great orb of eyes for 6 turns
 51008 | WizLab   | Got a bound jade ring
 51010 | WizLab   | Identified the ring "Xocy" {Fire -Tele +Inv rN++ Stlth+}
                  | (You found it in a wizard's laboratory)
 51386 | WizLab   | Reached skill level 14 in Axes
 51568 | WizLab   | HP: 34/160 [quicksilver dragon/bolt of dispelling energy
                  | (18)]
 51934 | WizLab   | Found a transporter.
 52038 | WizLab   | Identified Lehudib's Compendium of the Shifting Rocks
 52112 | WizLab   | Got a coiled ivory ring
 52115 | WizLab   | Got a glittering marble ring
 52118 | WizLab   | Got a warped hand axe
 52128 | WizLab   | Identified the ring "Tytwer" {rC+ Str+5 Slay+2} (You found
                  | it in a wizard's laboratory)
 52129 | WizLab   | Identified the ring "Kavaqatt" {Int+2 Stlth-} (You found it
                  | in a wizard's laboratory)
 52130 | WizLab   | Identified the cursed +0 hand axe "Hell-Harrower" {flame,
                  | rElec rF+ Dex-5} (You found it in a wizard's laboratory)
 52933 | Vaults:3 | Found a basalt altar of Yredelemnul.
 53068 | Vaults:3 | Learned a level 2 spell: Swiftness
 53193 | Vaults:3 | Reached XP level 21. HP: 139/166 MP: 38/38
 53482 | Vaults:3 | Cast into level 3 of the Abyss (a deep elf sorcerer)
 53890 | Vaults:3 | Escaped the Abyss
 53900 | Vaults:3 | HP: 42/167 [deep elf sorcerer/bolt of acid[an ironheart
                  | preserver] (14)]
 53901 | Vaults:3 | HP: 17/167 [ironheart preserver/+0 great mace (4)]
 53909 | Vaults:3 | HP: 19/167 [poisoned by a guardian serpent (bolt of
                  | poison)]
 54431 | Vaults:3 | Found Derik's Distillery.
 54441 | Vaults:3 | Bought a potion of curing for 45 gold pieces
 54441 | Vaults:3 | Bought a potion of curing for 45 gold pieces
 54600 | Vaults:3 | Upgraded the game from 0.24-a0-230-g536ed4e to
                  | 0.24-a0-232-g49d9ff8
 55011 | Vaults:3 | Identified the Disquisition on the Shifting Arsonist
 55113 | Vaults:3 | Reached skill level 14 in Long Blades
 55113 | Vaults:3 | Reached skill level 14 in Throwing
 55113 | Vaults:3 | Reached skill level 14 in Armour
 55113 | Vaults:3 | Reached skill level 14 in Dodging
 55113 | Vaults:3 | Reached skill level 14 in Evocations
 55388 | Vaults:4 | Reached skill level 15 in Fighting
 55498 | Vaults:3 | HP: 46/168 [white very ugly thing (16)]
 55969 | Vaults:4 | Reached skill level 15 in Invocations
 55986 | Vaults:4 | Reached skill level 12 in Conjurations
 55986 | Vaults:4 | Reached skill level 12 in Hexes
 55986 | Vaults:4 | Reached skill level 12 in Charms
 55986 | Vaults:4 | Reached skill level 12 in Summonings
 55986 | Vaults:4 | Reached skill level 12 in Necromancy
 55986 | Vaults:4 | Reached skill level 12 in Translocations
 55986 | Vaults:4 | Reached skill level 12 in Transmutations
 55986 | Vaults:4 | Reached skill level 12 in Fire Magic
 55986 | Vaults:4 | Reached skill level 12 in Ice Magic
 55986 | Vaults:4 | Reached skill level 12 in Air Magic
 55986 | Vaults:4 | Reached skill level 12 in Earth Magic
 55986 | Vaults:4 | Reached skill level 12 in Poison Magic
 56747 | Vaults:4 | Reached skill level 14 in Short Blades
 56747 | Vaults:4 | Reached skill level 14 in Maces & Flails
 56747 | Vaults:4 | Reached skill level 14 in Polearms
 56747 | Vaults:4 | Reached skill level 14 in Staves
 56747 | Vaults:4 | Reached skill level 14 in Slings
 56747 | Vaults:4 | Reached skill level 14 in Bows
 56747 | Vaults:4 | Reached skill level 14 in Crossbows
 56747 | Vaults:4 | Reached skill level 14 in Stealth
 56747 | Vaults:4 | Reached skill level 14 in Shields
 56747 | Vaults:4 | Reached skill level 14 in Unarmed Combat
 56747 | Vaults:4 | Reached skill level 14 in Spellcasting
 57107 | Vaults:4 | Reached XP level 22. HP: 175/175 MP: 40/40
 57945 | Crypt:1  | Entered Level 1 of the Crypt
 58974 | Crypt:1  | Identified the +13 chain mail of the Empire {SInv} (You
                  | found it on level 1 of the Crypt)
 59643 | Crypt:2  | Identified the cursed +1 scimitar "Fannowek" {drain, *Slow
                  | Int+4 Dex+7} (You found it on level 2 of the Crypt)
 59846 | Crypt:2  | Reached skill level 15 in Axes
 60071 | Crypt:2  | Found an ancient bone altar of Kikubaaqudgha.
 60262 | Crypt:3  | Entered Level 3 of the Crypt
 60311 | Crypt:3  | Noticed Xtahua
 60682 | Crypt:3  | Killed Xtahua
 60905 | Crypt:3  | Found an ancient bone altar of Kikubaaqudgha.
 61543 | Crypt:3  | Reached XP level 23. HP: 183/183 MP: 41/41
 61824 | Crypt:3  | Identified the +6 glaive "Atuit" {protect, *Contam Str+6}
                  | (You found it on level 3 of the Crypt)
 61945 | Crypt:3  | Found a staircase to the Tomb.
 61976 | Crypt:3  | Found the +4 dagger "Morg" {pain, MR+ Int+5}
 62471 | Elf:1    | Entered Level 1 of the Elven Halls
 62495 | Elf:1    | Found a radiant altar of Vehumet.
 62503 | Elf:1    | Reached skill level 15 in Long Blades
 62503 | Elf:1    | Reached skill level 15 in Throwing
 62503 | Elf:1    | Reached skill level 15 in Armour
 62503 | Elf:1    | Reached skill level 15 in Dodging
 62503 | Elf:1    | Reached skill level 15 in Evocations
 62709 | Elf:1    | Reached skill level 16 in Invocations
 63197 | Elf:1    | Found Ocow's Gadget Boutique.
 63197 | Elf:1    | Found Qall's Jewellery Emporium.
 63205 | Elf:1    | Found Feyff's Jewellery Emporium.
 63244 | Elf:1    | Bought an uncursed ring of resist corrosion for 260 gold
                  | pieces
 63697 | Elf:2    | Reached skill level 16 in Fighting
 64032 | Elf:2    | Reached skill level 15 in Short Blades
 64032 | Elf:2    | Reached skill level 15 in Maces & Flails
 64032 | Elf:2    | Reached skill level 15 in Polearms
 64032 | Elf:2    | Reached skill level 15 in Staves
 64032 | Elf:2    | Reached skill level 15 in Slings
 64032 | Elf:2    | Reached skill level 15 in Bows
 64032 | Elf:2    | Reached skill level 15 in Crossbows
 64032 | Elf:2    | Reached skill level 15 in Stealth
 64032 | Elf:2    | Reached skill level 15 in Shields
 64032 | Elf:2    | Reached skill level 15 in Unarmed Combat
 64032 | Elf:2    | Reached skill level 15 in Spellcasting
 64034 | Elf:2    | Found a runed translucent gate.
 64034 | Elf:2    | Found a runed translucent gate.
 64037 | Elf:2    | Found a runed translucent gate.
 64081 | Elf:2    | Found Tihic's Armour Shoppe.
 64714 | Elf:2    | Reached skill level 13 in Conjurations
 64714 | Elf:2    | Reached skill level 13 in Hexes
 64714 | Elf:2    | Reached skill level 13 in Charms
 64714 | Elf:2    | Reached skill level 13 in Summonings
 64714 | Elf:2    | Reached skill level 13 in Necromancy
 64714 | Elf:2    | Reached skill level 13 in Translocations
 64714 | Elf:2    | Reached skill level 13 in Transmutations
 64714 | Elf:2    | Reached skill level 13 in Fire Magic
 64714 | Elf:2    | Reached skill level 13 in Ice Magic
 64714 | Elf:2    | Reached skill level 13 in Air Magic
 64714 | Elf:2    | Reached skill level 13 in Earth Magic
 64714 | Elf:2    | Reached skill level 13 in Poison Magic
 65303 | Elf:3    | Entered Level 3 of the Elven Halls
 65548 | Elf:3    | Found a runed translucent door.
 65548 | Elf:3    | Noticed XanderDroid's ghost (veteran MiBe)
 65549 | Elf:3    | Found the +8 demon trident "Rift" {distort, reach+}
 65596 | Elf:3    | Killed XanderDroid's ghost
 66375 | Elf:3    | Identified the cursed +1 leather armour of the Country
                  | {rCorr Stlth+}
 66375 | Elf:3    | Identified the ring "Ehipp" {*Drain +Fly rPois Int+5}
 66376 | Elf:3    | Identified the +3 short sword "Cufrer" {antimagic, rElec
                  | rPois Dex+2}
 66379 | Elf:3    | Identified the +7 morningstar "Orut" {freeze, rC+ MR+}
 66546 | Elf:3    | Reached XP level 24. HP: 191/191 MP: 42/42
 66686 | Elf:3    | Identified the Papyrus of the Desert
 66766 | Elf:3    | Identified the +3 leather armour of Rotation {Str-4 Int+4
                  | Dex+4 Stlth+}
 67651 | Depths:1 | Entered Level 1 of the Depths
 67694 | Depths:1 | Found a shimmering altar of Xom.
 68266 | Depths:1 | Found Quudgh's Jewellery Boutique.
 68295 | Depths:1 | Identified the +3 faerie dragon scales {rCorr Dex+4}
 68295 | Depths:1 | Noticed the Enchantress
 68315 | Depths:1 | HP: 54/193 [spriggan berserker/+4 antimagic flail[the
                  | Enchantress] (7)]
 68689 | Depths:1 | Learned a level 4 spell: Airstrike
 68696 | Depths:1 | Learned a level 6 spell: Freezing Cloud
 68703 | Depths:1 | Learned a level 6 spell: Shadow Creatures
 68710 | Depths:1 | Learned a level 6 spell: Deflect Missiles
 68740 | Depths:1 | Found a one-way gate to the infinite horrors of the Abyss.
 68758 | Depths:1 | Reached skill level 16 in Axes
 69164 | Depths:1 | Found a gateway to Hell.
 69396 | Depths:1 | Killed the Enchantress
 69429 | Depths:1 | Learned a level 4 spell: Passage of Golubria
 70041 | Depths:2 | Found a one-way gate leading to the halls of Pandemonium.
 71009 | Depths:2 | Reached skill level 17 in Invocations
 71047 | Depths:2 | Reached skill level 14 in Translocations
 71055 | Depths:2 | Noticed Nikola
 71265 | Depths:2 | Killed Nikola
 71309 | Depths:2 | Reached skill level 16 in Long Blades
 71309 | Depths:2 | Reached skill level 16 in Throwing
 71309 | Depths:2 | Reached skill level 16 in Armour
 71309 | Depths:2 | Reached skill level 16 in Dodging
 71309 | Depths:2 | Reached skill level 16 in Evocations
 71340 | Depths:2 | Reached XP level 25. HP: 155/200 MP: 41/42
 72226 | Depths:3 | Reached skill level 16 in Short Blades
 72226 | Depths:3 | Reached skill level 16 in Maces & Flails
 72226 | Depths:3 | Reached skill level 16 in Polearms
 72226 | Depths:3 | Reached skill level 16 in Staves
 72226 | Depths:3 | Reached skill level 16 in Slings
 72226 | Depths:3 | Reached skill level 16 in Bows
 72226 | Depths:3 | Reached skill level 16 in Crossbows
 72226 | Depths:3 | Reached skill level 16 in Stealth
 72226 | Depths:3 | Reached skill level 16 in Shields
 72226 | Depths:3 | Reached skill level 16 in Unarmed Combat
 72226 | Depths:3 | Reached skill level 16 in Spellcasting
 72257 | Depths:3 | Paralysed by a floating eye for 3 turns
 72262 | Depths:3 | Noticed Sojobo
 72337 | Depths:2 | Killed Sojobo
 72337 | Depths:2 | Reached skill level 17 in Fighting
 72725 | Depths:2 | HP: 54/201 [acid[Sojobo] (15)]
 72730 | Depths:2 | HP: 51/201 [poisoned by a tengu reaver (bolt of poison)]
 72737 | Depths:2 | HP: 50/201 [poisoned by a tengu reaver (bolt of poison)]
 72743 | Depths:2 | HP: 49/201 [poisoned by a tengu reaver (bolt of poison)]
 72751 | Depths:2 | HP: 50/201 [poisoned by a tengu reaver (bolt of poison)]
 72756 | Depths:2 | HP: 51/201 [poisoned by a tengu reaver (bolt of poison)]
 72764 | Depths:2 | HP: 52/201 [poisoned by a tengu reaver (bolt of poison)]
 73274 | Depths:3 | Noticed a juggernaut
 73575 | Depths:3 | Noticed Saint Roka
 74048 | Depths:3 | Killed Saint Roka
 74414 | Depths:3 | Reached skill level 14 in Conjurations
 74414 | Depths:3 | Reached skill level 14 in Hexes
 74414 | Depths:3 | Reached skill level 14 in Charms
 74414 | Depths:3 | Reached skill level 14 in Summonings
 74414 | Depths:3 | Reached skill level 14 in Necromancy
 74414 | Depths:3 | Reached skill level 14 in Transmutations
 74414 | Depths:3 | Reached skill level 14 in Fire Magic
 74414 | Depths:3 | Reached skill level 14 in Ice Magic
 74414 | Depths:3 | Reached skill level 14 in Air Magic
 74414 | Depths:3 | Reached skill level 14 in Earth Magic
 74414 | Depths:3 | Reached skill level 14 in Poison Magic
 74481 | Depths:3 | Killed a juggernaut
 74600 | Depths:3 | Identified the +5 long sword "Zyock" {freeze, MR+}
 74600 | Depths:3 | Identified the +0 leather armour of a Hundred Blessings
                  | {+Blink}
 74786 | Depths:3 | Identified the Almanac of Torrid Stolen Souls
 75526 | Depths:4 | Noticed a juggernaut
 75547 | Depths:4 | Killed a juggernaut
 75566 | Depths:4 | Reached skill level 15 in Translocations
 75566 | Depths:4 | Reached XP level 26. HP: 89/208 MP: 43/43
 75596 | Depths:4 | You fall through a shaft!
 75596 | Depths:5 | Entered Level 5 of the Depths
 75863 | Depths:5 | Noticed Boris
 75920 | Depths:4 | Upgraded the game from 0.24-a0-232-g49d9ff8 to
                  | 0.24-a0-235-g3f03afc
 76058 | Depths:4 | HP: 57/208 [iron troll (9)]
 76095 | Depths:4 | Found a gateway to a ziggurat.
 76426 | Depths:4 | Found a corrupted altar of Lugonu.
 76525 | Depths:4 | Found a runed translucent door.
 76658 | Depths:4 | Found a runed translucent door.
 76685 | Depths:4 | Reached skill level 17 in Axes
 77429 | Depths:4 | Killed Boris
 77797 | Depths:5 | Noticed Mennas
 77843 | Depths:5 | HP: 61/209 [green very ugly thing (9)]
 77846 | Depths:5 | Killed Mennas
 77846 | Depths:5 | Reached skill level 18 in Invocations
 77847 | Depths:5 | HP: 30/209 [cyan ugly thing (16)]
 78665 | Depths:5 | Found Juh Agry's Jewellery Shoppe.
 78750 | Depths:5 | Found Gunaw's Assorted Antiques.
 78750 | Depths:5 | Found Fuang's Antique Weapon Shoppe.
 78755 | Depths:5 | Found Tiepohoss's Antique Weapon Emporium.
 78775 | Depths:5 | Bought a scroll of blinking for 270 gold pieces
 78775 | Depths:5 | Bought 2 potions of haste for 720 gold pieces
 78775 | Depths:5 | Bought a scroll of blinking for 270 gold pieces
 79055 | Depths:5 | Reached skill level 17 in Long Blades
 79055 | Depths:5 | Reached skill level 17 in Throwing
 79055 | Depths:5 | Reached skill level 17 in Armour
 79055 | Depths:5 | Reached skill level 17 in Dodging
 79055 | Depths:5 | Reached skill level 17 in Evocations
 79326 | Depths:5 | Found a gate to the Realm of Zot.
 80026 | Vaults:5 | Entered Level 5 of the Vaults
 80293 | Vaults:4 | Reached XP level 27. HP: 208/217 MP: 43/43
 80302 | Vaults:4 | Reached skill level 17 in Short Blades
 80302 | Vaults:4 | Reached skill level 17 in Maces & Flails
 80302 | Vaults:4 | Reached skill level 17 in Polearms
 80302 | Vaults:4 | Reached skill level 17 in Staves
 80302 | Vaults:4 | Reached skill level 17 in Slings
 80302 | Vaults:4 | Reached skill level 17 in Bows
 80302 | Vaults:4 | Reached skill level 17 in Crossbows
 80302 | Vaults:4 | Reached skill level 17 in Stealth
 80302 | Vaults:4 | Reached skill level 17 in Shields
 80302 | Vaults:4 | Reached skill level 17 in Unarmed Combat
 80302 | Vaults:4 | Reached skill level 17 in Spellcasting
 80478 | Vaults:4 | Reached skill level 16 in Translocations
 80650 | Vaults:4 | HP: 57/217 [golden dragon (15)]
 80660 | Vaults:4 | HP: 39/217 [titan (14)]
 80672 | Vaults:4 | HP: 7/217 [golden dragon/bolt of cold (17)]
 80679 | Vaults:4 | Reached skill level 18 in Fighting
 81879 | Vaults:5 | HP: 62/217 [yaktaur captain/bolt (15)]
 81883 | Vaults:5 | HP: 28/217 [ettin/+2 dire flail of crushing (6)]
 81883 | Vaults:5 | Killed from afar by a tengu reaver

Levels and vault maps discovered:
D:1:      ncdulo_smallfort, layout_loops_ring
D:2:      layout_loops_corners, marbit_many_paths, overflow_temple_1_default,
          kiku_gazebo_pond_becter, first_ration
D:3:      layout_rooms, uniq_crazy_yiuf_cottage
D:4:      layout_gridville, kennysheep_mini, zin_statuary, serial_rivers,
          chequers_serial_rivers_micro_c, chequers_serial_rivers_room_a,
          chequers_serial_rivers_small_3, chequers_serial_rivers_room_b,
          hangedman_minor_gate_pass, uniq_natasha, uniq_eustachio
D:5:      layout_gridville, makhleb_heckhound_becter, uniq_duvessa
D:6:      layout_gridville, old_standard_altar, minmay_temple_entry_wispy,
          serial_shops, nicolae_shop_window_shopping, nicolae_shop_stone,
          nicolae_shop_waterfront, nicolae_shop_crystal, nicolae_water_bricks
D:7:      layout_gridville, enter_bailey_2, lemuel_flame_loot_1
D:8:      layout_cave_pools, lemuel_round_altar,
          chequers_temple_overflow_minitemple, uniq_maurice
D:9:      kennysheep_spiral_hall, layout_long_grid, old_standard_altar,
          uniq_grum
D:10:     layout_roguey, minmay_orc_entry_temple_small, basic_altar
D:11:     layout_layer_cave, lair_entry_dummy
D:12:     minmay_expanding_circles, layout_basic
D:13:     layout_cave_pools, hangedman_stone_soup, bh_chokoban
D:14:     minmay_slanted_spiral_squares, layout_irregular_city,
          grunt_vaults_entry_tiered, bh_walls_and_bars, uniq_frances
D:15:     grunt_enter_depths_snipers, layout_basic,
          nicolae_tso_swordbearing_angel, serial_bayou_lake_a
Temple:   cyrus_temple_forest
Lair:1:   layout_hall_layers, st_stairs_9, chequers_serial_rivers_micro_a,
          lemuel_fruit_tree
Lair:2:   layout_regular_city, portal_ice_cave_entry_ice_beasts,
          infiniplex_staircase_pool_2
Lair:3:   layout_loops_ring, spider_nest_entry_a, nicolae_quartered_pool_little
Lair:4:   layout_gridlike, nicolae_swamp_entry_splash_gauntlet
Lair:5:   layout_gridlike, grunt_megastairs_4, serial_bayou_shore_a
Lair:6:   hangedman_lair_caniforms_friends, layout_regular_city, slime_altar_1,
          uniq_josephine, uniq_sonja
Swamp:1:  layout_basic_swamp, ebering_ghost_reflecting_pool,
          evilmike_swamp_ruin_house_2, swamp_pool3, uniq_roxanne
Swamp:2:  layout_basic_swamp, evilmike_swamp_ruin_house_4, swamp_pool3,
          uniq_jorgrun
Swamp:3:  layout_basic_swamp, evilmike_swamp_ruin_rubble_2
Swamp:4:  swamp_basic_johnstein, layout_basic_swamp,
          gammafunk_ghost_berserking_beasts
Spider:1: layout_spider_delve
Spider:2: layout_chambers
Spider:3: layout_spider_delve, uniq_bai_suzhen, uniq_aizul, uniq_arachne,
          uniq_agnes
Spider:4: grunt_spider_rune_circles, ebering_ghost_rock_garden
Orc:1:    layout_diamond_mine, mines1_david
Orc:2:    grunt_orc_tribal_feast, layout_caves, serial_shops,
          nicolae_shop_waterfront, shop_coins, nicolae_shop_behind_doors,
          shop_statue, basic_altar, mines_bat_river
Elf:1:    eino_elf_arrival_altar, layout_loops_ring,
          kennysheep_underground_church, grunt_megastairs_2, minmay_shop_grove
Elf:2:    layout_gridlike, serial_shops, nicolae_shop_waterfront,
          corner_web_ring, minivault_15, fountainhead,
          wad_floor_pattern_untrapped
Elf:3:    elf_hall_gauntlet_narrow, layout_geoelf_octagon,
          ebering_ghost_reflecting_pool
Vaults:1: hangedman_vaults_corner_blocks, vaults_room_semicircle, v_misc_31,
          hangedman_vaults_capsules, ontoclasm_vaults_ring_square,
          nicolae_vaults_network_square, vaults_room_grunt_arrival_checkpoint,
          vaults_dpeg_encased_lava, vaults_dpeg_diagonal, v_misc_11,
          vaults_room_pools, layout_vaults_omnicross
Vaults:2: nicolae_vaults_yaktaur_gun_rack, vaults_room_door_ring,
          vaults_mumra_minichess, ontoclasm_vaults_hangar, v_rooms_4,
          minmay_crypt_entry_simple_corners, nicolae_vaults_alarming, v_misc_26,
          hangedman_vaults_river_flow, vaults_dpeg_doors, layout_vaults_omnibox,
          serial_shops, nicolae_shop_behind_doors
Vaults:3: vaults_mumra_lcd, ontoclasm_vaults_eye, v_rooms_2,
          dpeg_vaults_monster_row, nicolae_vaults_little_ls,
          nicolae_vaults_little_squares_6, layout_vaults_omnigrid,
          infiniplex_enter_wizlab_water, basic_altar, serial_shops, shop
Vaults:4: nicolae_vaults_stairing_the_circle, v_misc_1, hangedman_vaults_maws,
          nicolae_vaults_network_quincunx
          [nicolae_vaults_network_quincunx_subvault,
          nicolae_vaults_network_quincunx_subvault,
          nicolae_vaults_network_quincunx_subvault,
          nicolae_vaults_network_quincunx_subvault,
          nicolae_vaults_network_quincunx_subvault],
          ontoclasm_vaults_decontamination, kb_rosetta, vaults_room_hallway,
          grunt_vaults_diagonal, hangedman_vaults_stream,
          nicolae_vaults_three_branches, layout_vaults_maze_snakey
Vaults:5
Crypt:1:  layout_rooms
Crypt:2:  layout_gridlike, st_stairs_3, lemuel_mausoleum_altar_kikubaaqudgha
Crypt:3:  grunt_crypt_end_deaths_head, uniq_xtahua
Depths:1: layout_roguey, grunt_hell_entry_demonic_statue, minmay_door_square,
          abyss_entry, serial_shops, nicolae_shop_waterfront, xom_teletrap_fun,
          uniq_enchantress
Depths:2: grunt_runaround [grunt_runaround_doors_1, grunt_runaround_doors_2,
          grunt_runaround_doors_3, grunt_runaround_doors_4,
          grunt_runaround_loot], pan_entry, hell_entry, uniq_nikola
Depths:3: grunt_x_marks_the_spot, layout_cave_pools, rand_demon_pan_entry_5,
          hangedman_coc_ice_floe, kilobyte_mutagenic_chamber, uniq_saint_roka,
          uniq_sojobo
Depths:4: minmay_the_grid_triangle_9x9_rhombus_thin_mashed
          [minmay_the_grid_triangle_9x9_semitri,
          minmay_the_grid_triangle_9x9_prize_center,
          minmay_the_grid_triangle_9x9_tough_junction,
          minmay_the_grid_triangle_9x9_warning], layout_small_grid,
          enter_ziggurat_f, serial_sigils_hangedman_confine, hell_entry,
          abyss_entry_flame_altar
Depths:5: grunt_zot_entry_tricorne, layout_cave_pools, hell_entry, fountainhead,
          minmay_shoptagon, uniq_boris, uniq_mennas
Abyss:2:  bh_abyss_exit_spiral
Abyss:3:  due_exit_kobolds, evilmike_nicolae_abyss_rune_containment_curve
Bailey:   bailey_polearm_2, bailey
IceCv:    ice_cave_small_dragons
WizLab:   wizlab_lehudib

Skill      XL: |  1  2  3  4  5  6  7  8  9 10 11 12 13 14 15 16 17 18 19 20 21 22 23 24 25 26 27 |
---------------+----------------------------------------------------------------------------------+-----
Invocations    | 1 2 3 4 5 6 7 8 9 10 11 12 13 14 15 16 17 18 | 18.4
Short Blades   | 1 2 3 4 5 6 7 8 9 10 11 12 13 14 15 16 17 | 17.1
Maces & Flails | 1 2 3 4 5 6 7 8 9 10 11 12 13 14 15 16 17 | 17.1
Polearms       | 1 2 3 4 5 6 7 8 9 10 11 12 13 14 15 16 17 | 17.1
Staves         | 1 2 3 4 5 6 7 8 9 10 11 12 13 14 15 16 17 | 17.1
Slings         | 1 2 3 4 5 6 7 8 9 10 11 12 13 14 15 16 17 | 17.1
Bows           | 1 2 3 4 5 6 7 8 9 10 11 12 13 14 15 16 17 | 17.1
Crossbows      | 1 2 3 4 5 6 7 8 9 10 11 12 13 14 15 16 17 | 17.1
Stealth        | 1 2 3 4 5 6 7 8 9 10 11 12 13 14 15 16 17 | 17.1
Shields        | 1 2 3 4 5 6 7 8 9 10 11 12 13 14 15 16 17 | 17.1
Unarmed Combat | 1 2 3 4 5 6 7 8 9 10 11 12 13 14 15 16 17 | 17.1
Spellcasting   | 1 2 3 4 5 6 7 8 9 10 11 12 13 14 15 16 17 | 17.1
Conjurations   | 1 2 3 4 5 6 7 8 9 10 11 12 13 14 | 14.8
Hexes          | 1 2 3 4 5 6 7 8 9 10 11 12 13 14 | 14.8
Charms         | 1 2 3 4 5 6 7 8 9 10 11 12 13 14 | 14.8
Summonings     | 1 2 3 4 5 6 7 8 9 10 11 12 13 14 | 14.8
Necromancy     | 1 2 3 4 5 6 7 8 9 10 11 12 13 14 | 14.8
Translocations | 1 2 3 4 5 6 7 8 9 10 11 12 13 14 15 16 | 16.1
Transmutations | 1 2 3 4 5 6 7 8 9 10 11 12 13 14 | 14.8
Fire Magic     | 1 2 3 4 5 6 7 8 9 10 11 12 13 14 | 14.8
Ice Magic      | 1 2 3 4 5 6 7 8 9 10 11 12 13 14 | 14.8
Air Magic      | 1 2 3 4 5 6 7 8 9 10 11 12 13 14 | 14.8
Earth Magic    | 1 2 3 4 5 6 7 8 9 10 11 12 13 14 | 14.8
Poison Magic   | 1 2 3 4 5 6 7 8 9 10 11 12 13 14 | 14.8
Long Blades    | 3 4 5 6 7 8 9 10 11 12 13 14 15 16 17 | 17.3
Throwing       | 3 4 5 6 7 8 9 10 11 12 13 14 15 16 17 | 17.3
Armour         | 3 4 5 6 7 8 9 10 11 12 13 14 15 16 17 | 17.3
Dodging        | 3 4 5 6 7 8 9 10 11 12 13 14 15 16 17 | 17.3
Evocations     | 3 4 5 6 7 8 9 10 11 12 13 14 15 16 17 | 17.3
Axes           | 5 6 7 8 9 10 11 12 13 14 15 16 17 | 17.6
Fighting       | 7 8 9 10 11 12 13 14 15 16 17 18 | 18.0

Action                   |  1- 3 |  4- 6 |  7- 9 | 10-12 | 13-15 | 16-18 | 19-21 | 22-24 | 25-27 || total
-------------------------+-------+-------+-------+-------+-------+-------+-------+-------+-------++-------
Melee: Hand axe          |    94 |   172 |   486 |   359 |       |       |       |       |       ||  1111
       Bite              |    12 |    24 |    66 |    62 |   145 |   232 |   319 |   346 |   210 ||  1416
       Punch             |     1 |     1 |     5 |     6 |       |       |       |       |       ||    13
       Flail             |       |       |       |   171 |   951 |  1407 |  1577 |  1881 |  1234 ||  7221
 Fire: Arbalest          |       |       |    47 |       |       |       |       |       |       ||    47
       Hand crossbow     |       |       |       |   283 |   496 |   460 |   506 |   566 |   380 ||  2691
Throw: Stone             |     1 |     9 |       |       |       |       |       |       |       ||    10
       Tomahawk          |       |     6 |    30 |     4 |     2 |    13 |     6 |       |       ||    61
       Throwing net      |       |       |       |       |       |       |       |       |     1 ||     1
 Cast: Apportation       |       |       |     3 |     6 |       |     4 |     6 |     1 |     2 ||    22
       Blink             |       |       |       |       |       |    10 |     2 |     2 |     4 ||    18
       Summon Mana Viper |       |       |       |       |       |     6 |     5 |     2 |       ||    13
       Conjure Flame     |       |       |       |       |       |    10 |     2 |       |       ||    12
       Summon Lightning  |       |       |       |       |       |     1 |     5 |       |       ||     6
       Deflect Missiles  |       |       |       |       |       |       |       |     4 |       ||     4
       Shadow Creatures  |       |       |       |       |       |       |       |     2 |     7 ||     9
       Airstrike         |       |       |       |       |       |       |       |     2 |       ||     2
       Freezing Cloud    |       |       |       |       |       |       |       |       |     4 ||     4
Invok: Summon Divine War |       |       |       |       |     2 |    13 |     9 |     3 |     3 ||    30
 Abil: Evoke Flight      |       |       |     6 |     1 |       |       |       |     1 |       ||     8
Evoke: Wand              |       |       |     6 |     3 |     3 |     2 |     1 |     2 |       ||    17
  Use: Scroll            |     4 |     4 |     8 |    15 |     9 |    11 |     9 |     4 |     1 ||    65
       Potion            |       |       |       |     3 |     1 |     2 |     2 |     1 |     4 ||    13
 Stab: Sleeping          |     2 |       |       |       |       |       |       |       |       ||     2
       Distracted        |     1 |       |       |       |       |       |       |       |       ||     1
  Eat: Chunk             |     1 |     7 |    15 |    27 |    33 |    40 |    33 |    31 |    34 ||   221
       Ration            |       |       |     1 |     2 |     1 |     3 |     3 |     4 |       ||    14
Armor: Robe              |     5 |       |       |       |       |       |       |       |       ||     5
       Plate armour      |    37 |   124 |   290 |   366 |   307 |     5 |       |       |       ||  1129
       Pearl dragon scal |       |       |       |       |       |   556 |   311 |   387 |   298 ||  1552
Dodge: Dodged            |    45 |    54 |   181 |   271 |   469 |  1129 |   808 |   944 |   654 ||  4555
       Deflected         |       |       |       |       |       |       |       |     9 |     3 ||    12
Block: Buckler           |       |       |       |    26 |   214 |   375 |   356 |   282 |       ||  1253
       Shield            |       |       |       |       |       |       |       |   261 |   646 ||   907

Table legend:
 A = Non-vault XP
 B = Vault XP
 C = Vault XP percentage of total XP
 D = Non-vault monster count
 E = Vault monster count
 F = Vault count percentage of total count
                 A         B        C        D         E       F
            +---------+---------+-------+---------+---------+-------
      Total |  613461 |  696297 |  53.2 |    1503 |     955 |  38.9
            +---------+---------+-------+---------+---------+-------
        D:1 |      49 |       0 |   0.0 |      26 |       0 |   0.0
        D:2 |      53 |       1 |   1.9 |      19 |       1 |   5.0
        D:3 |     137 |      39 |  22.2 |      32 |       1 |   3.0
        D:4 |     870 |     382 |  30.5 |      24 |       7 |  22.6
        D:5 |     462 |     244 |  34.6 |      36 |       3 |   7.7
        D:6 |    1121 |       0 |   0.0 |      37 |       0 |   0.0
        D:7 |    1399 |       0 |   0.0 |      27 |       0 |   0.0
        D:8 |     818 |     469 |  36.4 |      18 |       1 |   5.3
        D:9 |    1181 |     975 |  45.2 |      24 |       8 |  25.0
       D:10 |    2072 |     294 |  12.4 |      19 |       6 |  24.0
       D:11 |    3679 |       0 |   0.0 |      35 |       0 |   0.0
       D:12 |    5006 |    7941 |  61.3 |      18 |      25 |  58.1
       D:13 |    2503 |     970 |  27.9 |       6 |       4 |  40.0
       D:14 |   13453 |   14305 |  51.5 |      42 |      37 |  46.8
       D:15 |   18749 |    3284 |  14.9 |      55 |       3 |   5.2
     Lair:1 |    3648 |     376 |   9.3 |      18 |       2 |  10.0
     Lair:2 |   10422 |    1022 |   8.9 |      33 |       8 |  19.5
     Lair:3 |   13775 |     216 |   1.5 |      40 |       1 |   2.4
     Lair:4 |    9211 |     797 |   8.0 |      30 |       5 |  14.3
     Lair:5 |    6175 |     250 |   3.9 |      20 |       1 |   4.8
     Lair:6 |    6291 |   12839 |  67.1 |      20 |      61 |  75.3
    Swamp:1 |    9934 |    3620 |  26.7 |      29 |       2 |   6.5
    Swamp:2 |    9903 |    3113 |  23.9 |      24 |       1 |   4.0
    Swamp:3 |   10231 |       0 |   0.0 |      30 |       0 |   0.0
    Swamp:4 |   12777 |   23228 |  64.5 |      35 |      43 |  55.1
   Spider:1 |   13313 |       0 |   0.0 |      38 |       0 |   0.0
   Spider:2 |   11907 |    1519 |  11.3 |      33 |       1 |   2.9
   Spider:3 |   10542 |    9037 |  46.2 |      37 |       3 |   7.5
   Spider:4 |   13899 |   23277 |  62.6 |      35 |      34 |  49.3
      Orc:1 |    3421 |       0 |   0.0 |      41 |       0 |   0.0
      Orc:2 |    1854 |    7477 |  80.1 |      27 |      35 |  56.5
      Elf:1 |   16428 |   10517 |  39.0 |      26 |      17 |  39.5
      Elf:2 |   13790 |   24706 |  64.2 |      27 |      29 |  51.8
      Elf:3 |   14703 |   37681 |  71.9 |      23 |      24 |  51.1
   Vaults:1 |   23879 |   13511 |  36.1 |      41 |      18 |  30.5
   Vaults:2 |   32788 |   18801 |  36.4 |      54 |      33 |  37.9
   Vaults:3 |   44809 |   18406 |  29.1 |      73 |      24 |  24.7
   Vaults:4 |   49091 |   71444 |  59.3 |      77 |      65 |  45.8
   Vaults:5 |       0 |    5525 | 100.0 |       0 |       4 | 100.0
    Crypt:1 |   25954 |       0 |   0.0 |      38 |       0 |   0.0
    Crypt:2 |   17618 |    3054 |  14.8 |      27 |      15 |  35.7
    Crypt:3 |       0 |   70245 | 100.0 |       0 |     116 | 100.0
   Depths:1 |   40760 |   18617 |  31.4 |      55 |      29 |  34.5
   Depths:2 |    9622 |  117552 |  92.4 |      12 |     110 |  90.2
   Depths:3 |   13493 |   27849 |  67.4 |      22 |      30 |  57.7
   Depths:4 |   63879 |   36341 |  36.3 |      63 |      17 |  21.2
   Depths:5 |   34222 |   35056 |  50.6 |      33 |      16 |  32.7
    Abyss:3 |   12106 |    2174 |  15.2 |      22 |       5 |  18.5
     Bailey |       0 |    2232 | 100.0 |       0 |      26 | 100.0
      IceCv |       0 |    5392 | 100.0 |       0 |      20 | 100.0
     WizLab |    1464 |   61519 |  97.7 |       2 |      64 |  97.0
            +---------+---------+-------+---------+---------+-------

Table legend:
 A = Turns spent in this place as a percentage of turns spent in the entire game.
 B = Non-inter-level travel turns spent in this place as a percentage of non-inter-level travel turns spent in the entire game.
 C = Inter-level travel turns spent in this place as a percentage of turns spent in this place.
 D = Turns resting spent in this place as a percentage of non-inter-level travel turns spent in this place.
 E = Turns spent auto-exploring this place as a percentage of non-inter-level travel turns spent in this place.
 F = Non-inter-level travel turns spent in this place divided by the number of levels of this place that you've seen.
                   A       B       C       D       E      F
               +-------+-------+-------+-------+-------+----------------------
         Total | 100.0 | 100.0 |  10.7 |  27.9 |  25.4 | 1379.8
       Dungeon |  24.8 |  24.0 |  13.4 |  26.1 |  35.2 | 1169.9
        Temple |   0.1 |   0.1 |  33.0 |   0.0 |  42.4 |  59.0
          Lair |  11.2 |  10.6 |  15.4 |  18.6 |  34.0 | 1297.7
         Swamp |   6.6 |   6.8 |   8.0 |  25.7 |  28.9 | 1235.5
   Spider Nest |   7.0 |   7.5 |   5.5 |  25.2 |  28.2 | 1362.0
  Orcish Mines |   3.6 |   2.7 |  32.6 |  10.8 |  37.4 | 985.0
   Elven Halls |   5.4 |   5.4 |   9.5 |  10.2 |  39.1 | 1321.7
        Vaults |  14.8 |  14.6 |  11.7 |  31.1 |  19.9 | 2135.6
         Crypt |   4.2 |   4.4 |   5.4 |  14.8 |  18.4 | 1083.7
        Depths |  14.3 |  14.8 |   7.3 |  35.0 |  13.2 | 2169.8
         Abyss |   0.5 |   0.6 |   0.0 |  26.7 |   0.0 | 215.0
        Bailey |   2.8 |   3.1 |   0.0 |  77.1 |   1.1 | 2275.0
      Ice Cave |   1.1 |   1.2 |   0.0 |  31.5 |  11.7 | 872.0
        Wizlab |   3.7 |   4.2 |   0.0 |  46.3 |   5.9 | 3053.0
               +-------+-------+-------+-------+-------+----------------------

Levels and vault maps discovered:
D:1:      ncdulo_smallfort, layout_loops_ring
D:2:      layout_loops_corners, marbit_many_paths, overflow_temple_1_default,
          kiku_gazebo_pond_becter, first_ration
D:3:      layout_rooms, uniq_crazy_yiuf_cottage
D:4:      layout_gridville, kennysheep_mini, zin_statuary, serial_rivers,
          chequers_serial_rivers_micro_c, chequers_serial_rivers_room_a,
          chequers_serial_rivers_small_3, chequers_serial_rivers_room_b,
          hangedman_minor_gate_pass, uniq_natasha, uniq_eustachio
D:5:      layout_gridville, makhleb_heckhound_becter, uniq_duvessa
D:6:      layout_gridville, old_standard_altar, minmay_temple_entry_wispy,
          serial_shops, nicolae_shop_window_shopping, nicolae_shop_stone,
          nicolae_shop_waterfront, nicolae_shop_crystal, nicolae_water_bricks
D:7:      layout_gridville, enter_bailey_2, lemuel_flame_loot_1
D:8:      layout_cave_pools, lemuel_round_altar,
          chequers_temple_overflow_minitemple, uniq_maurice
D:9:      kennysheep_spiral_hall, layout_long_grid, old_standard_altar,
          uniq_grum
D:10:     layout_roguey, minmay_orc_entry_temple_small, basic_altar
D:11:     layout_layer_cave, lair_entry_dummy
D:12:     minmay_expanding_circles, layout_basic
D:13:     layout_cave_pools, hangedman_stone_soup, bh_chokoban
D:14:     minmay_slanted_spiral_squares, layout_irregular_city,
          grunt_vaults_entry_tiered, bh_walls_and_bars, uniq_frances
D:15:     grunt_enter_depths_snipers, layout_basic,
          nicolae_tso_swordbearing_angel, serial_bayou_lake_a
Temple:   cyrus_temple_forest
Lair:1:   layout_hall_layers, st_stairs_9, chequers_serial_rivers_micro_a,
          lemuel_fruit_tree
Lair:2:   layout_regular_city, portal_ice_cave_entry_ice_beasts,
          infiniplex_staircase_pool_2
Lair:3:   layout_loops_ring, spider_nest_entry_a, nicolae_quartered_pool_little
Lair:4:   layout_gridlike, nicolae_swamp_entry_splash_gauntlet
Lair:5:   layout_gridlike, grunt_megastairs_4, serial_bayou_shore_a
Lair:6:   hangedman_lair_caniforms_friends, layout_regular_city, slime_altar_1,
          uniq_josephine, uniq_sonja
Swamp:1:  layout_basic_swamp, ebering_ghost_reflecting_pool,
          evilmike_swamp_ruin_house_2, swamp_pool3, uniq_roxanne
Swamp:2:  layout_basic_swamp, evilmike_swamp_ruin_house_4, swamp_pool3,
          uniq_jorgrun
Swamp:3:  layout_basic_swamp, evilmike_swamp_ruin_rubble_2
Swamp:4:  swamp_basic_johnstein, layout_basic_swamp,
          gammafunk_ghost_berserking_beasts
Spider:1: layout_spider_delve
Spider:2: layout_chambers
Spider:3: layout_spider_delve, uniq_bai_suzhen, uniq_aizul, uniq_arachne,
          uniq_agnes
Spider:4: grunt_spider_rune_circles, ebering_ghost_rock_garden
Orc:1:    layout_diamond_mine, mines1_david
Orc:2:    grunt_orc_tribal_feast, layout_caves, serial_shops,
          nicolae_shop_waterfront, shop_coins, nicolae_shop_behind_doors,
          shop_statue, basic_altar, mines_bat_river
Elf:1:    eino_elf_arrival_altar, layout_loops_ring,
          kennysheep_underground_church, grunt_megastairs_2, minmay_shop_grove
Elf:2:    layout_gridlike, serial_shops, nicolae_shop_waterfront,
          corner_web_ring, minivault_15, fountainhead,
          wad_floor_pattern_untrapped
Elf:3:    elf_hall_gauntlet_narrow, layout_geoelf_octagon,
          ebering_ghost_reflecting_pool
Vaults:1: hangedman_vaults_corner_blocks, vaults_room_semicircle, v_misc_31,
          hangedman_vaults_capsules, ontoclasm_vaults_ring_square,
          nicolae_vaults_network_square, vaults_room_grunt_arrival_checkpoint,
          vaults_dpeg_encased_lava, vaults_dpeg_diagonal, v_misc_11,
          vaults_room_pools, layout_vaults_omnicross
Vaults:2: nicolae_vaults_yaktaur_gun_rack, vaults_room_door_ring,
          vaults_mumra_minichess, ontoclasm_vaults_hangar, v_rooms_4,
          minmay_crypt_entry_simple_corners, nicolae_vaults_alarming, v_misc_26,
          hangedman_vaults_river_flow, vaults_dpeg_doors, layout_vaults_omnibox,
          serial_shops, nicolae_shop_behind_doors
Vaults:3: vaults_mumra_lcd, ontoclasm_vaults_eye, v_rooms_2,
          dpeg_vaults_monster_row, nicolae_vaults_little_ls,
          nicolae_vaults_little_squares_6, layout_vaults_omnigrid,
          infiniplex_enter_wizlab_water, basic_altar, serial_shops, shop
Vaults:4: nicolae_vaults_stairing_the_circle, v_misc_1, hangedman_vaults_maws,
          nicolae_vaults_network_quincunx
          [nicolae_vaults_network_quincunx_subvault,
          nicolae_vaults_network_quincunx_subvault,
          nicolae_vaults_network_quincunx_subvault,
          nicolae_vaults_network_quincunx_subvault,
          nicolae_vaults_network_quincunx_subvault],
          ontoclasm_vaults_decontamination, kb_rosetta, vaults_room_hallway,
          grunt_vaults_diagonal, hangedman_vaults_stream,
          nicolae_vaults_three_branches, layout_vaults_maze_snakey
Vaults:5
Crypt:1:  layout_rooms
Crypt:2:  layout_gridlike, st_stairs_3, lemuel_mausoleum_altar_kikubaaqudgha
Crypt:3:  grunt_crypt_end_deaths_head, uniq_xtahua
Depths:1: layout_roguey, grunt_hell_entry_demonic_statue, minmay_door_square,
          abyss_entry, serial_shops, nicolae_shop_waterfront, xom_teletrap_fun,
          uniq_enchantress
Depths:2: grunt_runaround [grunt_runaround_doors_1, grunt_runaround_doors_2,
          grunt_runaround_doors_3, grunt_runaround_doors_4,
          grunt_runaround_loot], pan_entry, hell_entry, uniq_nikola
Depths:3: grunt_x_marks_the_spot, layout_cave_pools, rand_demon_pan_entry_5,
          hangedman_coc_ice_floe, kilobyte_mutagenic_chamber, uniq_saint_roka,
          uniq_sojobo
Depths:4: minmay_the_grid_triangle_9x9_rhombus_thin_mashed
          [minmay_the_grid_triangle_9x9_semitri,
          minmay_the_grid_triangle_9x9_prize_center,
          minmay_the_grid_triangle_9x9_tough_junction,
          minmay_the_grid_triangle_9x9_warning], layout_small_grid,
          enter_ziggurat_f, serial_sigils_hangedman_confine, hell_entry,
          abyss_entry_flame_altar
Depths:5: grunt_zot_entry_tricorne, layout_cave_pools, hell_entry, fountainhead,
          minmay_shoptagon, uniq_boris, uniq_mennas
Abyss:2:  bh_abyss_exit_spiral
Abyss:3:  due_exit_kobolds, evilmike_nicolae_abyss_rune_containment_curve
Bailey:   bailey_polearm_2, bailey
IceCv:    ice_cave_small_dragons
WizLab:   wizlab_lehudib
